 Dungeon Crawl Stone Soup version 0.30.0-5-g1a98f26d00 (webtiles) character file.

Game seed: 444216741279372649

15437540 GnomeSayin the Luminary of Lethal Lore (level 27, 249/249 HPs)
             Began as a Gnoll Conjurer on May 11, 2023.
             Was the Champion of Vehumet.
             Escaped with the Orb
             ... and 15 runes on May 12, 2023!
             The game lasted 19:10:52 (102869 turns).

GnomeSayin the Luminary of Lethal Lore (GnCj)     Turns: 102869, Time: 19:10:52

Health: 249/249    AC: 30    Str: 11    XL:     27
Magic:  63/63      EV: 29    Int: 47    God:    Vehumet [******]
Gold:   5785       SH: 21    Dex: 21    Spells: 3/80 levels left

rFire   + + .        Y - staff of air
rCold   + + .        h - +2 shield of Resistance {rF++ rC++ Will++}
rNeg    . . .        M - quicksilver dragon scales of Hedging {rPois rC- Will+ Regen+}
rPois   +            (no helmet)
rElec   +            R - +2 cloak {rCorr}
rCorr   +            g - +0 pair of gloves "Pavisk" {MP+9 Int+2 Dex+2 Stlth-}
SInv    +            T - +2 pair of boots {Fly}
Will    +++++        o - amulet of Fragile Peace {RegenMP Harm rElec Int+5 Dex+2}
Stlth   +++          s - ring "Trusted Companion" {rPois Str+2 Int+6 SInv}
HPRegen 1.41/turn    w - ring "Eddiapas" {Int+5 Dex+6}
MPRegen 0.78/turn

%: harm (+30% outgoing, +20% incoming)
@: flying, studying Short Blades
A: fangs 1, strong nose, distributed training, hooves 1, cold resistance 1,
strong-willed 1
0: Orb of Zot
}: 15/15 runes: barnacled, slimy, silver, golden, iron, obsidian, icy, bone,
abyssal, demonic, glowing, magical, fiery, dark, gossamer
a: Renounce Religion


You escaped.
You worshipped Vehumet.
Vehumet was exalted by your worship.
You visited 18 branches of the dungeon, and saw 88 of its levels.
You visited Pandemonium 1 time, and saw 21 of its levels.
You visited the Abyss 9 times.
You completed 1 ziggurat, and saw 27 of its levels.
You also visited: Bailey, Ice Cave and Wizlab.

You collected 11549 gold pieces.
You spent 5764 gold pieces at shops.

Inventory:

Hand Weapons
 t - the +3 greatsling "Punk" {acid, rCorr}
   (You found it on level 24 of a ziggurat)

   rCorr:     It protects you from acid and corrosion.
 O - the +2 Maxwell's thermic engine {flame, freeze, rev}
   (You found it on level 25 of a ziggurat)
 Z - a +5 eudemon blade of holy wrath
Missiles
 u - 24 silver javelins
 L - 6 throwing nets
Armour
 g - the +0 pair of gloves "Pavisk" (worn) {MP+9 Int+2 Dex+2 Stlth-}
   (You found it on level 4 of the Spider Nest)

   Int:       It affects your intelligence (+2).
   Dex:       It affects your dexterity (+2).
   MP:        It affects your magic capacity (+9).
   Stlth:     It makes you less stealthy.
 h - the +2 shield of Resistance (worn) {rF++ rC++ Will++}
   (You found it on level 8 of a ziggurat)

   rF:        It greatly protects you from fire.
   rC:        It greatly protects you from cold.
   Will:      It greatly increases your willpower.
 M - the quicksilver dragon scales of Hedging (worn) {rPois rC- Will+ Regen+}
   (You found it on level 5 of the Pits of Slime)

   rC:        It makes you vulnerable to cold.
   rPois:     It protects you from poison.
   Regen:     It increases your rate of health regeneration.
   Will:      It increases your willpower.
 R - a +2 cloak of preservation (worn)
 T - a +2 pair of boots of flying (worn)
 X - the +0 helmet of Pavobeaf {rC++ Int-2}
   (You found it on level 3 of the Lair of Beasts)

   Int:       It affects your intelligence (-2).
   rC:        It greatly protects you from cold.
Magical Staves
 Y - a staff of air (weapon)
Jewellery
 o - the amulet of Fragile Peace (around neck) {RegenMP Harm rElec Int+5 Dex+2}
   (You found it in Pandemonium)

   [amulet of magic regeneration]

   It increases your rate of magic regeneration.
   Int:       It affects your intelligence (+5).
   Dex:       It affects your dexterity (+2).
   rElec:     It insulates you from electricity.
   Harm:      It increases damage dealt and taken.
 s - the ring "Trusted Companion" (left hand) {rPois Str+2 Int+6 SInv}
   (You took it off a deep elf zephyrmancer on level 3 of the Elven Halls)

   [ring of intelligence]

   Str:       It affects your strength (+2).
   Int:       It affects your intelligence (+6).
   rPois:     It protects you from poison.
   SInv:      It lets you see invisible.
 w - the ring "Eddiapas" (right hand) {Int+5 Dex+6}
   (You acquired it on level 2 of the Orcish Mines)

   [ring of dexterity]

   Int:       It affects your intelligence (+5).
   Dex:       It affects your dexterity (+6).
Wands
 r - a wand of light (107)
 v - a wand of mindburst (132)
 y - a wand of charming (166)
 H - a wand of iceblast (158)
 U - a wand of digging (78)
Scrolls
 a - 6 scrolls of butterflies
 d - 40 scrolls of teleportation
 e - 5 scrolls of amnesia
 i - 22 scrolls of blinking
 j - 12 scrolls of vulnerability
 p - 14 scrolls of magic mapping
 q - 4 scrolls of enchant armour
 B - 6 scrolls of silence
 J - 11 scrolls of immolation
 N - 19 scrolls of fog
 S - 12 scrolls of poison
 V - 6 scrolls of fear
Potions
 b - 7 potions of magic
 c - 8 potions of cancellation
 f - 31 potions of mutation
 k - 8 potions of heal wounds
 l - 21 potions of curing
 m - 8 potions of lignification
 n - 7 potions of haste
 x - 6 potions of ambrosia
 z - 9 potions of flight
 F - 14 potions of might
 G - 5 potions of invisibility
 I - 6 potions of resistance
 K - 6 potions of brilliance
Miscellaneous
 A - a +1 figurine of a ziggurat
 C - a phantom mirror
 D - a condenser vane
 E - a box of beasts
 P - a lightning rod (4/4)
 Q - the horn of Geryon
 W - a phial of floods


   Skills:
 O Level 27 Fighting
 O Level 27 Short Blades
 O Level 27 Long Blades
 O Level 27 Axes
 O Level 27 Maces & Flails
 O Level 27 Polearms
 O Level 27 Staves
 O Level 27 Ranged Weapons
 O Level 27 Throwing
 O Level 27 Armour
 O Level 27 Dodging
 O Level 27 Stealth
 O Level 27 Shields
 O Level 27 Unarmed Combat
 O Level 27 Spellcasting
 O Level 27 Conjurations
 O Level 27 Hexes
 O Level 27 Summonings
 O Level 27 Necromancy
 O Level 27 Translocations
 O Level 27 Transmutations
 O Level 27 Fire Magic
 O Level 27 Ice Magic
 O Level 27 Air Magic
 O Level 27 Earth Magic
 O Level 27 Poison Magic
 O Level 27 Invocations
 O Level 27 Evocations


You had 3 spell levels left.
You knew the following spells:

 Your Spells              Type           Power      Damage    Failure   Level
a - Necromutation         Tmut/Necr      71%        N/A       1%          8
b - Borgnjor's Vile Clut  Necr/Erth      71%        N/A       0%          5
c - Spellforged Servitor  Conj/Summ      71%        N/A       0%          7
d - Chain Lightning       Conj/Air       84%        3d112     1%          9
f - Fire Storm            Conj/Fire      71%        8d18      1%          9
g - Lehudib's Crystal Sp  Conj/Erth      71%        10d16     1%          8
i - Irradiate             Conj/Tmut      71%        3d35      0%          5
j - Maxwell's Capacitive  Air            84%        ∞         1%          8
k - Dispersal             Tloc           71%        N/A       0%          6
m - Shatter               Erth           71%        3d52*     1%          9
x - Apportation           Tloc           100%       N/A       0%          1
B - Blink                 Tloc           100%       N/A       0%          2

Your spell library contained the following spells:

 Spells                   Type           Power      Damage    Failure   Level
 Beastly Appendage        Tmut           100%       N/A       0%          1
 Foxfire                  Conj/Fire      100%       2x1d9     0%          1
 Freeze                   Ice            100%       1d10      0%          1
 Kiss of Death            Conj/Necr      100%       2d13      0%          1
 Magic Dart               Conj           100%       1d8       0%          1
 Necrotise                Necr           100%       1d9       0%          1
 Sandblast                Erth           100%       2d20      0%          1
 Shock                    Conj/Air       100%       1d9       0%          1
 Sting                    Tmut/Pois      100%       1d8       0%          1
 Summon Small Mammal      Summ           100%       N/A       0%          1
 Cigotuvi's Dreadful Rot  Necr/Pois/Air  100%       N/A       0%          2
 Ensorcelled Hibernation  Hex/Ice        100%       N/A       0%          2
 Lesser Beckoning         Tloc           100%       N/A       0%          2
 Momentum Strike          Conj/Tloc      100%       3d10      0%          2
 Passwall                 Tmut/Erth      100%       N/A       0%          2
 Poisonous Vapours        Pois/Air       100%       N/A       0%          2
 Scorch                   Fire           100%       2d9       0%          2
 Searing Ray              Conj           100%       2d8       0%          2
 Static Discharge         Conj/Air       100%       2-7/arc   0%          2
 Sublimation of Blood     Necr           100%       N/A       0%          2
 Wereblood                Tmut           100%       N/A       0%          2
 Call Canine Familiar     Summ           100%       N/A       0%          3
 Confusing Touch          Hex            100%       N/A       0%          3
 Dazzling Flash           Conj/Hex       100%       N/A       0%          3
 Frozen Ramparts          Ice            100%       1d16      0%          3
 Gell's Gravitas          Tloc           100%       N/A       0%          3
 Hailstorm                Conj/Ice       100%       3d20      0%          3
 Ignite Poison            Fire/Tmut/Pois 100%       N/A       0%          3
 Inner Flame              Hex/Fire       100%       N/A       0%          3
 Mephitic Cloud           Conj/Pois/Air  100%       N/A       0%          3
 Ozocubu's Armour         Ice            100%       N/A       0%          3
 Portal Projectile        Hex/Tloc       100%       N/A       0%          3
 Spider Form              Tmut/Pois      100%       N/A       0%          3
 Stone Arrow              Conj/Erth      100%       3d13      0%          3
 Summon Guardian Golem    Hex/Summ       100%       N/A       0%          3
 Swiftness                Air            100%       N/A       0%          3
 Teleport Other           Tloc           100%       N/A       0%          3
 Tukima's Dance           Hex            100%       N/A       0%          3
 Vampiric Draining        Necr           100%       2d13      0%          3
 Vhi's Electric Charge    Tloc/Air       100%       N/A       0%          3
 Volatile Blastmotes      Fire/Tloc      100%       2d18      0%          3
 Airstrike                Air            84%        2d(13-29) 0%          4
 Anguish                  Hex/Necr       71%        N/A       0%          4
 Animate Armour           Summ/Erth      100%       N/A       0%          4
 Cause Fear               Hex            71%        N/A       0%          4
 Dispel Undead            Necr           100%       3d31      0%          4
 Flame Wave               Conj/Fire      100%       2d21      0%          4
 Fulminant Prism          Conj/Hex       71%        3d30      0%          4
 Iskenderun's Mystic Bla  Conj/Tloc      100%       2d19      0%          4
 Leda's Liquefaction      Hex/Erth       71%        N/A       0%          4
 Manifold Assault         Tloc           100%       N/A       0%          4
 Olgreb's Toxic Radiance  Pois           100%       N/A       0%          4
 Passage of Golubria      Tloc           100%       N/A       0%          4
 Petrify                  Tmut/Erth      100%       N/A       0%          4
 Sticky Flame             Conj/Fire      100%       2d11      0%          4
 Summon Ice Beast         Ice/Summ       100%       N/A       0%          4
 Summon Lightning Spire   Summ/Air       100%       N/A       0%          4
 Agony                    Necr           100%       N/A       0%          5
 Alistair's Intoxication  Tmut/Pois      95%        N/A       0%          5
 Arcjolt                  Conj/Air       84%        1d94      0%          5
 Blade Hands              Tmut           71%        N/A       0%          5
 Fireball                 Conj/Fire      71%        3d27      0%          5
 Freezing Cloud           Conj/Ice/Air   84%        6-21      0%          5
 Iskenderun's Battlesphe  Conj           100%       2d15      0%          5
 Metabolic Englaciation   Hex/Ice        71%        N/A       0%          5
 Silence                  Hex/Air        84%        N/A       0%          5
 Summon Forest            Summ/Tloc      71%        N/A       0%          5
 Summon Mana Viper        Hex/Summ       100%       N/A       0%          5
 Yara's Violent Unravell  Hex/Tmut       71%        3d26      0%          5
 Conjure Ball Lightning   Conj/Air       84%        3x3d32    0%          6
 Death Channel            Necr           71%        N/A       0%          6
 Eringya's Noxious Bog    Tmut/Pois      71%        N/A       0%          6
 Iron Shot                Conj/Erth      71%        9d13      0%          6
 Plasma Beam              Fire/Air       84%        2x1d112   0%          6
 Simulacrum               Ice/Necr       71%        N/A       0%          6
 Starburst                Conj/Fire      71%        6d18      0%          6
 Statue Form              Tmut/Erth      95%        N/A       0%          6
 Summon Cactus Giant      Summ           71%        N/A       0%          6
 Dragon Form              Tmut           71%        N/A       0%          7
 Enfeeble                 Hex            71%        N/A       0%          7
 Malign Gateway           Summ/Tloc      71%        N/A       0%          7
 Orb of Destruction       Conj           71%        9d16      0%          7
 Ozocubu's Refrigeration  Ice            71%        4d23      0%          7
 Storm Form               Tmut/Air       84%        N/A       0%          7
 Summon Hydra             Summ           71%        N/A       0%          7
 Borgnjor's Revivificati  Necr           71%        N/A       1%          8
 Discord                  Hex            71%        N/A       1%          8
 Disjunction              Tloc           71%        N/A       1%          8
 Ignition                 Fire           71%        3d19      1%          8
 Infestation              Necr           71%        N/A       1%          8
 Summon Horrible Things   Summ           71%        N/A       1%          8
 Death's Door             Necr           71%        N/A       1%          9
 Dragon's Call            Summ           71%        N/A       1%          9
 Polar Vortex             Ice            71%        N/A       1%          9


Dungeon Overview and Level Annotations

Branches:
Dungeon (15/15)            Temple (1/1) D:7            Lair (5/5) D:11
 Shoals (4/4) Lair:2       Spider (4/4) Lair:3        Slime (5/5) Lair:5
    Orc (2/2) D:10            Elf (3/3) Orc:2        Vaults (5/5) D:13
  Crypt (3/3) Vaults:3       Tomb (3/3) Crypt:3      Depths (4/4) D:15
   Hell (visited)             Dis (7/7) Hell            Geh (7/7) Hell
    Coc (7/7) Hell            Tar (7/7) Hell            Zot (5/5) Depths:4
 Bailey (visited)           IceCv (visited)          WizLab (visited)

Altars:
Cheibriados
Gozag
Kikubaaqudgha
Nemelex Xobeh
Okawaru
Qazlal
Vehumet
Wu Jian
Yredelemnul
Lugonu

Shops:
D:8 (   D:10 *   Orc:2 (!?   Elf:1 [   Elf:2 !([   Elf:3 (   Vaults:1 !=[*
Vaults:3 *   Depths:1 [(![   Depths:2 *

Portals:
Hell: Depths:1 Depths:2 Depths:3 Depths:4
Abyss: Lair:5 Depths:3 Depths:4
Pandemonium: Depths:2 Depths:3 Depths:4

Annotations:
D:12 2 transporters
Elf:1 1 exclusion
Vaults:3 3 runed translucent doors, Lukheov's ghost, veteran DrWn
Zot:4 1 transporter


Innate Abilities, Weirdness & Mutations

You have very sharp teeth.
Your uncanny sense of smell can sniff out nearby items.
Your experience applies equally to all skills.
You have large cloven feet.
Your flesh is cold resistant. (rC+)
You are strong-willed. (Will+)


Message History

There is a stone staircase leading up here.
You fly upwards.
There is a stone staircase leading down here.
There is a stone staircase leading up here.
You fly upwards.
There is a stone staircase leading down here.
A green death comes into view.
Aiming: Fire Storm (mildly dangerous; 1% risk of failure)
Press: ? - help, Q - select action, (/) - cycle Dir - move target, f - green death
Aim: a green death A raging storm of fire appears!
The great blast of fire engulfs the green death!!!
You kill the green death!
Vehumet accepts your kill.
You feel your power returning.
You swap places.
There is a stone staircase leading up here.
You fly upwards.
There is a stone staircase leading down here.
Casting: Fire Storm (mildly dangerous; 1% risk of failure)
Confirm with . or Enter, or press ? or * to list all spells.
The dungeon rumbles!
Ka-crash!
There is a stone staircase leading up here.
You fly upwards.
There is a stone staircase leading down here.
Magic restored.
Things that are here:
5 stones; a +0 short sword Your transformation is almost over.
You feel yourself come back to life.
An ice devil comes into view.
Casting: Shatter (mildly dangerous; 1% risk of failure)
Confirm with . or Enter, or press ? or * to list all spells.
The dungeon rumbles!
You kill the ice devil!
Vehumet accepts your kill.
You feel your power returning.
Ka-crash!
There is a staircase leading out of the dungeon here.
You have escaped!

.....##.#######
##### #######....
....###..#
#≈≈≈≈§≈###..#.#.....
...####..#
≈≈≈§≈≈≈≈≈###........
..####...#
≈≈≈#≈≈§≈§#...#####.
.........#
≈≈§≈§≈≈≈≈#..## #.
#######..#
§§§§≈§#≈≈#.# #. ..#
#..# ####§§§≈§#.# #.
#.# #..#
#>...§§§.'.# #. #.#
#..# #@....§§§§.# #.
#.#####..#
####≈≈≈≈§### ###.
........##
≈≈≈≈§§#≈≈# #...
#.####### ≈≈§≈≈≈≈§##
#.## #.# §§≈≈#≈≈§≈≈#
#.# #.# ≈≈≈≈≈§≈≈§##
#.# #.# #≈≈§≈≈≈###
#.# #.#
#################.#
#.#########
#...............†.#


There were no monsters in sight!

Vanquished Creatures
  Cerebov (Pan)
  Antaeus (Coc:7)
  Asmodeus (Geh:7)
  Gloorx Vloq (Pan)
  the Royal Jelly (Slime:5)
  Dissolution (Slime:3)
  Ereshkigal (Tar:7)
  A seraph (Tomb:1)
  Lom Lobon (Pan)
  Mnoleg (Pan)
  30 pandemonium lords
  12 dread liches
  Dispater (Dis:7)
  10 ancient liches
  6 orbs of fire
  A juggernaut (Depths:3)
  20 royal mummies
  Vv (Depths:2)
  Sojobo (Depths:2)
  16 Killer Klowns
  Bai Suzhen (Vaults:3)
  Head Instructor (WizLab)
  11 shard shrikes
  Margery (Vaults:2)
  Saint Roka (Vaults:5)
  6 curse toes
  Nikola (Shoals:3)
  29 caustic shrikes
  Geryon (Hell)
  35 golden dragons
  The ghost of GonguanaGonguana the Warrior, an adept DjVM of Ashenzari (Zig:10)
  40 bone dragons
  11 profane servitors
  9 pearl dragons (Zig:25)
  17 Brimstone Fiends
  Arachne (Spider:4)
  An iron giant (shapeshifter) (Zig:20)
  12 doom hounds
  35 Hell Sentinels
  23 Tzitzimimeh
  7 electric golems
  20 hellephants
  9 iron giants
  Rupert (Spider:1)
  2 spectral shard shrikes
  Mlioglotl (Shoals:1)
  Jorgrun (Orc:2)
  10 liches
  13 tainted leviathans
  23 Ice Fiends
  Asterion (Vaults:1)
  36 tentacled monstrosities
  19 Orb Guardians
  A walking crystal tome (Abyss:4)
  12 titans
  A walking earthen tome (Abyss:4)
  A quicksilver dragon (shapeshifter) (Zig:18)
  3 walking divine tomes
  36 searing wretches
  4 deep elf blademasters
  10 sphinxes
  A walking frostbound tome (Abyss:4)
  A kraken (Abyss:2)
  Polyphemus (Shoals:2)
  10 quicksilver dragons
  11 death cobs
  19 acid blobs
  28 ancient champions
  23 Executioners
  60 tentacled starspawn
  9 deep elf master archers
  An eldritch tentacle (Pan)
  Agnes (Spider:3)
  14 shadow dragons
  Kirke (Elf:1)
  9 tengu reavers
  17 storm dragons
  6 nagarajas (Zig:27)
  7 revenants
  8 demonspawn warmongers
  5 draconian knights
  Ilsuiw (Shoals:3)
  4 fenstrider witches
  A fire giant (shapeshifter) (Zig:9)
  7 azure jellies
  8 draconian monks
  7 narguns
  15 rockslimes
  An azure jelly (shapeshifter) (Zig:9)
  14 daevas
  24 fire giants
  10 iron dragons
  11 emperor scorpions
  12 frost giants
  20 vault wardens
  Aizul (Shoals:1)
  4 draconian shifters
  A frost giant (shapeshifter) (Zig:18)
  4 spectral caustic shrikes
  12 quicksilver elementals
  11 ghost moths
  8 deep elf sorcerers
  5 deep elf elementalists
  3 draconian scorchers
  4 ghouls
  Louise (Elf:3)
  59 balrugs
  4 shard shrike simulacra
  4 orc warlords
  12 draconian annihilators
  14 angels
  5 curse skulls
  2 spriggan defenders
  26 cacodemons
  11 ophanim
  A caustic shrike skeleton (Tar:7)
  A quicksilver ooze (shapeshifter) (Depths:3)
  13 ironbound preservers
  12 demonspawn blood saints
  4 juggernaut skeletons
  14 demonspawn corrupters
  6 draconian stormcallers
  2 stone giants (shapeshifter)
  26 war gargoyles
  8 apis (Zig:25)
  11 quicksilver oozes
  10 broodmothers
  25 reapers
  A starflower (Abyss:3)
  A rockslime zombie (Crypt:2)
  37 very ugly things
  8 vampire knights
  17 elemental wellsprings
  6 eleionomae
  6 ironbound thunderhulks
  2 eleionomae (shapeshifter)
  15 putrid mouths
  17 stone giants
  8 white draconians
  6 spark wasps
  14 green draconians
  14 deep elf demonologists
  11 wendigos
  6 bunyips
  13 yellow draconians
  18 demonspawn black suns
  Azrael (Elf:1)
  7 black draconians
  15 deep elf annihilators
  16 dire elephants
  8 bennus
  15 purple draconians
  21 lorocyprocas
  12 red draconians
  21 eidola
  34 iron golems
  10 ettins
  9 deep elf death magi
  8 fire dragons
  2 spectral quicksilver dragons (Tar:2)
  Josephine (Orc:2)
  6 merfolk javelineers
  A quicksilver dragon zombie (Tar:7)
  2 crystal guardians
  33 green deaths
  3 shambling mangroves
  23 blizzard demons
  18 mummy priests
  17 great orbs of eyes
  8 jiangshi
  7 entropy weavers
  13 merfolk impalers
  19 yaktaur captains
  An elf skeleton (Crypt:3)
  A spectral fenstrider witch (Tar:2)
  2 quicksilver dragon skeletons
  3 salamander tyrants
  5 spectral spriggans
  12 deep elf high priests
  8 rakshasas
  3 jorogumos
  4 peacekeepers
  11 ironbound frosthearts
  2 ghost crabs
  4 ogre magi
  17 ice dragons
  13 caustic shrike simulacra
  2 spectral sphinxes (Zig:16)
  5 spriggan air magi
  4 spriggan zombies
  11 juggernaut simulacra
  18 hydras
  6 alligator snapping turtles
  15 boulder beetles
  2 merfolk avatars
  6 hell beasts
  36 vault guards
  6 two-headed ogres
  A catoblepas (Shoals:2)
  12 stokers
  4 spriggan skeletons
  An anaconda (shapeshifter) (Abyss:1)
  2 alligators (Zig:21)
  8 merfolk aquamancers
  2 radroaches
  6 centaur warriors
  An anaconda (Zig:27)
  2 death knights
  6 deep troll earth magi
  A shock serpent (shapeshifter) (Elf:2)
  36 dancing weapons
  3 spectral nagas
  12 vampire magi
  62 death scarabs
  54 hell hogs
  15 death yaks
  2 satyrs
  10 naga warriors
  6 tengu warriors
  A deep troll shaman (Depths:2)
  7 orc high priests
  A spectral orc (Tar:2)
  A titan zombie (Crypt:1)
  3 shock serpents
  10 spriggan berserkers
  65 thrashing horrors
  Sonja (Orc:2)
  A spectral storm dragon (Zig:16)
  44 sun demons
  2 spectral dire elephants (Tar:2)
  21 hell knights
  13 crystal echidnas
  27 deep elf knights
  4 skysharks
  37 soul eaters
  A quicksilver ooze zombie (Crypt:3)
  A spectral bunyip (Tar:2)
  24 sixfirhies
  A sun moth (Spider:4)
  2 titan skeletons
  53 wretched stars
  22 death drakes
  4 iron trolls
  An iron troll (shapeshifter) (Zig:18)
  An anaconda zombie (Tar:7)
  31 deep trolls
  3 spectral anacondas (Tar:2)
  A fire crab (shapeshifter) (Abyss:3)
  138 large abominations
  3 spatial maelstroms
  54 skeletal warriors
  30 shadow wraiths
  4 spriggan druids
  7 sea snakes
  5 quicksilver dragon simulacra (Coc:7)
  7 flayed ghosts
  18 glowing orange brains
  18 shadow demons
  2 obsidian statues
  A bog body (Crypt:1)
  7 pharaoh ants
  2 spectral iron dragons (Tar:2)
  9 cherubim (Zig:25)
  A bunyip zombie (Crypt:1)
  A swamp dragon (shapeshifter) (Vaults:5)
  2 goliath frogs
  4 spriggan simulacra
  An orb spider (shapeshifter) (Zig:20)
  Pikel (D:6)
  An iron giant zombie (Abyss:4)
  6 orange crystal statues
  22 deep elf archers
  2 lindwurms (shapeshifter)
  11 orb spiders
  3 bunyip skeletons
  A golden dragon skeleton (Crypt:3)
  16 ironbound convokers
  13 orc knights
  17 phantasmal warriors
  16 harpies
  11 steelbarb worms
  25 swamp dragons
  14 necromancers
  12 mana vipers
  13 lindwurms
  4 wizards
  23 wolf spiders
  37 deep elf zephyrmancers
  10 shining eyes
  A harpy (shapeshifter) (D:14)
  2 oklob plants
  A mana viper (shapeshifter) (Abyss:3)
  40 deep elf pyromancers
  A spectral ettin (Tar:2)
  An iron giant skeleton (Tar:7)
  6 cyclopes
  A manticore (shapeshifter) (Zig:8)
  A wolf spider (shapeshifter) (Abyss:4)
  4 orc sorcerers
  51 ugly things
  9 will-o-the-wisps
  12 worldbinders
  10 guardian serpents
  15 manticores
  2 spectral centaurs (Tar:2)
  An iron dragon skeleton (Tomb:2)
  A moth of wrath (shapeshifter) (Abyss:4)
  5 naga magi
  6 ice statues
  2 salamanders (Abyss:4)
  10 black mambas
  2 guardian serpents (shapeshifter)
  18 fauns
  The ghost of hogiebunz the Grappler, a novice TrFi (D:5)
  4 elephants (Lair:5)
  11 merfolk sirens
  32 moths of wrath
  19 demonic crawlers
  A human skeleton (Crypt:3)
  6 eyes of devastation
  3 naga zombies
  6 rust devils (Hell)
  Joseph (D:8)
  61 smoke demons
  A torpor snail (shapeshifter) (Elf:2)
  6 water nymphs (Shoals:4)
  4 gargoyles
  11 cane toads
  A purple draconian zombie (Crypt:2)
  3 titan simulacra
  18 vault sentinels
  18 apocalypse crabs
  2 dire elephant zombies
  11 torpor snails
  An eye of devastation (shapeshifter) (Zig:9)
  A water nymph (shapeshifter) (Zig:18)
  An alligator snapping turtle zombie (Crypt:3)
  22 orange demons
  10 unseen horrors
  6 centaur skeletons
  A minotaur zombie (Crypt:1)
  6 storm dragon simulacra (IceCv)
  3 naga skeletons
  2 yaktaurs (shapeshifter)
  3 rime drakes
  A bunyip simulacrum (Coc:1)
  12 freezing wraiths
  14 komodo dragons
  3 kobold demonologists
  33 hellions
  A komodo dragon (shapeshifter) (Lair:5)
  A tengu conjurer (Depths:2)
  27 tormentors
  28 yaktaurs
  3 dire elephant skeletons
  10 ice devils
  6 anaconda simulacra
  38 guardian mummies
  4 efreet
  A death yak skeleton (Crypt:3)
  6 red devils (Pan)
  An alligator snapping turtle skeleton (Crypt:3)
  2 silent spectres
  A spectral harpy (Tar:2)
  A white draconian skeleton (Crypt:3)
  38 ancient zymes
  5 wind drakes
  The ghost of Seidenschwarz the Conjurer, a novice DECj (D:5)
  9 golden dragon simulacra
  2 tyrant leeches
  An iron troll skeleton (Crypt:3)
  3 harpy zombies (Abyss:4)
  31 merfolk
  6 meliai
  19 hellwings
  2 polar bears (Lair:3)
  A bloated husk (Abyss:4)
  3 trolls
  26 tarantellas
  A shadow dragon simulacrum (Coc:1)
  2 dream sheep (shapeshifter)
  28 blink frogs
  5 harpy skeletons
  32 hornets
  Prince Ribbit (D:9)
  A hornet (shapeshifter) (Abyss:4)
  2 hydra skeletons
  105 raiju
  8 dream sheep
  9 snapping turtles
  An ettin zombie (Crypt:3)
  2 iron dragon simulacra
  26 culicivoras
  28 jumping spiders
  An ice dragon skeleton (Crypt:1)
  5 air elementals
  114 slime creatures
  3 culicivoras (shapeshifter)
  A stone giant simulacrum (Coc:7)
  2 centaur simulacra
  11 spriggans
  3 ettin skeletons
  36 flying skulls
  28 yaks
  14 wraiths
  17 water elementals
  3 vampires
  18 ushabtiu
  47 ynoxinuls
  2 shadows
  5 basilisks
  6 wyverns
  5 humans (Elf:1)
  6 dire elephant simulacra
  6 fire bats
  25 golden eyes
  54 redbacks
  34 chaos spawn
  A hog (Elf:1)
  52 neqoxecs
  3 alligator snapping turtle simulacra
  3 steam dragons
  13 vampire mosquitoes
  11 fire elementals
  11 spatial vortices
  74 small abominations
  11 nagas
  Edmund (D:6)
  2 swamp worms (shapeshifter)
  3 swamp worms (D:10)
  2 wargs
  11 harpy simulacra
  12 hell hounds
  An acid dragon (D:13)
  A fire bat skeleton (Crypt:1)
  A floating eye (Abyss:1)
  2 floating eyes (shapeshifter)
  A glowing shapeshifter skeleton (Crypt:3)
  5 water moccasins
  29 orc warriors
  A merfolk skeleton (Crypt:2)
  3 sky beasts
  4 ice beasts
  8 ettin simulacra
  5 boggarts (Vaults:2)
  6 centaurs
  4 ice dragon simulacra (IceCv)
  A dream sheep zombie (Crypt:1)
  14 ogres
  20 wolves
  2 swamp dragon skeletons
  2 lemures (D:6)
  A phantom (D:7)
  4 kobold brigands
  16 bullfrogs
  A gnoll sergeant (D:6)
  2 necrophages (Crypt:1)
  Blork the orc (D:5)
  A draconian skeleton (Crypt:3)
  6 earth elementals
  5 scorpions
  A naga simulacrum (Coc:3)
  4 wights (D:6)
  A wyvern skeleton (Crypt:1)
  A yak zombie (Crypt:2)
  A water moccasin skeleton (Crypt:2)
  8 killer bees
  5 lindwurm simulacra (IceCv)
  8 vampire bats (Bailey)
  7 wolf zombies (Bailey)
  2 electric eels (Spider:1)
  4 howler monkeys
  3 crimson imps (Pan)
  12 quasits
  8 hounds
  3 gnoll boudas
  3 jellies
  24 orc priests
  A black bear skeleton (Crypt:1)
  2 iron imps (Abyss:3)
  92 starcursed masses
  A sleepcap (D:6)
  24 hell rats
  2 iguanas (D:5)
  Natasha (thrice) (D:3)
  36 orc wizards
  2 boggart skeletons (D:13)
  A deep dwarf skeleton (Crypt:1)
  20 mummies
  22 gnolls
  8 adders
  A swamp drake skeleton (Crypt:1)
  5 white imps
  13 ufetubi
  The ghost of browni3141 the Trooper, a weakling OgDe (D:5)
  2 dart slugs (D:1)
  77 orcs
  3 endoplasms
  2 giant cockroaches (D:2)
  21 goblins
  10 hobgoblins
  3 quokkas
  9 ball pythons
  4 bats
  6 frilled lizards
  A giant cockroach zombie (Crypt:1)
  A jackal zombie (Crypt:3)
  26 kobolds
  An orc skeleton (Crypt:2)
  21 orc zombies
  5 rats
  2 ball lightnings (Pan)
  A butterfly (Lair:4)
  6 creeping infernos
  8 fire vortices
  10 lurking horrors
  34 starspawn tentacles
5629 creatures vanquished.

Vanquished Creatures (collateral kills)
  The ghost of bakla the Conqueror, a legendary GrEE of Gozag (Zig:10)
  An ancient lich (Abyss:4)
  A pearl dragon (Zig:25)
  2 doom hounds
  7 bone dragons
  3 Brimstone Fiends
  5 hellephants
  4 liches
  2 Orb Guardians
  An Ice Fiend (Pan)
  4 tainted leviathans
  A tentacled monstrosity (Pan)
  5 Hell Sentinels
  2 searing wretches
  An ancient champion (Dis:7)
  2 titans
  An acid blob (Abyss:2)
  29 tentacled starspawn
  4 Executioners
  2 sphinxes (Tomb:1)
  A revenant (Abyss:2)
  5 demonspawn warmongers (Pan)
  A draconian monk (Abyss:4)
  A quicksilver elemental (Dis:5)
  2 fire giants
  2 ghost moths (Zig:27)
  An emperor scorpion (Zig:27)
  15 balrugs
  A shard shrike simulacrum (Coc:7)
  2 draconian stormcallers
  6 reapers
  2 war gargoyles
  A ghoul (Abyss:3)
  3 angels
  A draconian annihilator (Abyss:3)
  8 cacodemons (Pan)
  3 demonspawn blood saints
  4 demonspawn corrupters
  An eleionoma (Zig:21)
  An apis (Zig:25)
  2 ophanim
  2 bunyips (Abyss:4)
  2 caustic shrike skeletons
  13 very ugly things (Abyss:4)
  A demonspawn black sun (Pan)
  A deep elf demonologist (Zig:22)
  2 bennus (Tomb:2)
  An eleionoma (shapeshifter) (Zig:18)
  A black draconian (Abyss:3)
  A green draconian (Abyss:3)
  A deep elf annihilator (Pan)
  A wendigo (Coc:5)
  3 eidola
  5 green deaths
  2 iron golems
  A shambling mangrove (Zig:21)
  5 blizzard demons
  A spectral quicksilver dragon (Tar:4)
  A spriggan zombie (Abyss:4)
  A quicksilver dragon zombie (Abyss:2)
  A spectral spriggan (Tar:2)
  5 hell beasts
  8 rakshasas
  2 salamander tyrants
  4 great orbs of eyes
  A caustic shrike simulacrum (Abyss:4)
  A spriggan skeleton (Abyss:3)
  An alligator snapping turtle (Zig:27)
  A dancing weapon (Abyss:4)
  4 death scarabs
  An anaconda (shapeshifter) (Abyss:1)
  9 hell hogs
  2 vampire magi
  2 naga warriors (Abyss:4)
  66 thrashing horrors
  8 soul eaters
  2 spectral dire elephants
  25 sun demons
  17 wretched stars
  A hell knight (Abyss:4)
  22 sixfirhies
  A titan skeleton (Abyss:4)
  A skeletal warrior (Tomb:1)
  7 spatial maelstroms
  A flayed ghost (Abyss:3)
  3 glowing orange brains
  3 orb spiders
  6 shadow demons
  2 swamp dragons
  A wizard (Abyss:3)
  104 large abominations
  117 starcursed masses
  A faun (shapeshifter) (Abyss:4)
  A mana viper (Abyss:4)
  2 will-o-the-wisps (Abyss:4)
  6 worldbinders (Abyss:4)
  3 ugly things (Abyss:4)
  2 salamanders
  8 guardian serpents
  A spectral alligator snapping turtle (Tar:3)
  6 apocalypse crabs
  2 naga magi (Abyss:4)
  An eye of devastation (Abyss:4)
  5 rust devils
  5 demonic crawlers
  38 smoke demons
  A dire elephant zombie (Abyss:4)
  15 orange demons
  4 efreet
  5 hellions
  3 ice devils
  3 freezing wraiths
  3 harpy zombies (Abyss:4)
  A tormentor (Abyss:2)
  27 ancient zymes
  3 red devils (Pan)
  A guardian mummy (Tomb:1)
  A spectral harpy (Tar:1)
  2 iron giant simulacra
  14 hellwings
  A troll (shapeshifter) (Abyss:4)
  2 hornets
  2 harpy skeletons (Abyss:3)
  A dream sheep (shapeshifter) (Abyss:4)
  A tyrant leech (Zig:12)
  64 raiju
  A stone giant simulacrum (Coc:5)
  A blink frog (Abyss:4)
  An ettin zombie (Abyss:4)
  15 flying skulls
  A slime creature (shapeshifter) (Abyss:3)
  2 air elementals
  4 wraiths
  3 fire bats
  2 shadows (Abyss:4)
  2 vampires (Abyss:4)
  2 fire elementals
  An ushabti (Tomb:2)
  22 ynoxinuls
  A water elemental (Abyss:3)
  A basilisk (Abyss:4)
  26 chaos spawn
  17 neqoxecs
  5 nagas
  2 harpy simulacra (Abyss:4)
  16 spatial vortices
  A naga zombie (Abyss:4)
  3 hell hounds (Abyss:4)
  A naga skeleton (Abyss:3)
  2 ettin simulacra
  2 ice beasts
  3 sky beasts
  A kobold brigand (Abyss:2)
  An earth elemental (Abyss:3)
  A naga simulacrum (Coc:7)
  4 wights (Abyss:3)
  66 small abominations
  5 crimson imps (Pan)
  10 quasits
  4 iron imps
  A hell rat (Hell)
  11 mummies
  4 white imps
  5 ufetubi
  A kobold (Abyss:2)
  A creeping inferno (Geh:6)
  9 fire vortices
  6 lurking horrors
  33 starspawn tentacles
1150 creatures vanquished.

Vanquished Creatures (others)
  A profane servitor (Abyss:4)
  An ettin (Vaults:5)
  A green death (Zig:26)
  An ice dragon (IceCv)
  A thrashing horror (Abyss:3)
  A glowing orange brain (Pan)
  A deep elf archer (Elf:1)
  A lindwurm (shapeshifter) (Zig:9)
  A deep elf pyromancer (Elf:1)
  An ugly thing (Zig:9)
  A merfolk siren (Shoals:3)
  6 large abominations (Abyss:4)
  2 smoke demons
  An apocalypse crab (Zig:18)
  An ancient zyme (Abyss:4)
  A bloated husk (Zig:21)
  4 raiju (Abyss:4)
  A ynoxinul (Abyss:4)
  A golden eye (Abyss:4)
  A chaos spawn (Abyss:4)
  A fire bat (Abyss:4)
  A vampire mosquito (Zig:21)
  A floating eye (Abyss:1)
  11 small abominations
  A starcursed mass (Abyss:4)
  An iron imp (Abyss:4)
  A ball lightning (Pan)
  2 creeping infernos (Geh:6)
  930 fire vortices
  24 foxfires
  538 fulminant prisms
  11 lurking horrors
  26 spectral weapons
  161 starspawn tentacles
  3 tentacles (Abyss:2)
1741 creatures vanquished.

Grand Total: 8520 creatures vanquished

Notes
Turn   | Place    | Note
-------+----------+-------------------------------------------
     0 | D:1      | GnomeSayin the Gnoll Conjurer began the quest for the Orb.
     0 | D:1      | Reached XP level 1. HP: 13/13 MP: 6/6
   190 | D:1      | You fall into a shaft and drop 1 floor!
   229 | D:2      | Found a radiant altar of Vehumet.
   241 | D:2      | Became a worshipper of Vehumet
   280 | D:2      | Reached XP level 2. HP: 19/19 MP: 3/7
   330 | D:2      | Learned a level 2 spell: Searing Ray
   832 | D:1      | Reached skill level 5 in Spellcasting
   832 | D:1      | Reached XP level 3. HP: 25/25 MP: 5/9
  1108 | D:1      | Reached skill level 1 in Invocations
  1181 | D:1      | Reached * piety under Vehumet
  1181 | D:1      | Offered knowledge of Shock by Vehumet.
  1584 | D:2      | Reached skill level 1 in Fighting
  1584 | D:2      | Reached skill level 1 in Short Blades
  1584 | D:2      | Reached skill level 1 in Long Blades
  1584 | D:2      | Reached skill level 1 in Axes
  1584 | D:2      | Reached skill level 1 in Maces & Flails
  1584 | D:2      | Reached skill level 1 in Polearms
  1584 | D:2      | Reached skill level 1 in Staves
  1584 | D:2      | Reached skill level 1 in Ranged Weapons
  1584 | D:2      | Reached skill level 1 in Throwing
  1584 | D:2      | Reached skill level 1 in Armour
  1584 | D:2      | Reached skill level 1 in Shields
  1584 | D:2      | Reached skill level 1 in Unarmed Combat
  1584 | D:2      | Reached skill level 1 in Evocations
  2300 | D:3      | Noticed Natasha
  2306 | D:3      | Killed Natasha
  2307 | D:3      | Reached XP level 4. HP: 32/32 MP: 3/11
  2369 | D:3      | Learned a level 2 spell: Blink
  2410 | D:3      | Reached skill level 1 in Hexes
  2410 | D:3      | Reached skill level 1 in Summonings
  2410 | D:3      | Reached skill level 1 in Necromancy
  2410 | D:3      | Reached skill level 1 in Translocations
  2410 | D:3      | Reached skill level 1 in Transmutations
  2410 | D:3      | Reached skill level 1 in Fire Magic
  2410 | D:3      | Reached skill level 1 in Ice Magic
  2410 | D:3      | Reached skill level 1 in Air Magic
  2410 | D:3      | Reached skill level 1 in Earth Magic
  2410 | D:3      | Reached skill level 1 in Poison Magic
  2742 | D:3      | Reached XP level 5. HP: 37/37 MP: 8/12
  2742 | D:3      | Offered knowledge of Scorch by Vehumet.
  2743 | D:3      | Reached ** piety under Vehumet
  2875 | D:3      | Noticed Natasha
  2914 | D:3      | Killed Natasha
  2916 | D:3      | Noticed Natasha
  2925 | D:3      | Killed Natasha
  3385 | D:4      | Reached XP level 6. HP: 44/44 MP: 5/13
  3525 | D:4      | Reached skill level 5 in Dodging
  3628 | D:4      | Found a snail-covered altar of Cheibriados.
  4137 | D:4      | Reached XP level 7. HP: 51/51 MP: 10/15
  4762 | D:4      | Offered knowledge of Poisonous Vapours by Vehumet.
  4763 | D:4      | Reached skill level 5 in Stealth
  4958 | D:5      | Entered Level 5 of the Dungeon
  5056 | D:5      | Learned a level 2 spell: Poisonous Vapours
  5191 | D:5      | Reached XP level 8. HP: 46/58 MP: 9/16
  5292 | D:5      | Reached *** piety under Vehumet
  5966 | D:5      | Noticed Blork the orc
  5989 | D:5      | Killed Blork the orc
  6107 | D:5      | Found a runed translucent gate.
  6108 | D:5      | Found a runed translucent gate.
  6110 | D:5      | Found a runed translucent gate.
  6120 | D:5      | Noticed browni3141's ghost (weakling OgDe)
  6120 | D:5      | Noticed Seidenschwarz's ghost (novice DECj)
  6120 | D:5      | Noticed hogiebunz's ghost (novice TrFi)
  6442 | D:5      | Learned a level 4 spell: Iskenderun's Mystic Blast
  6447 | D:5      | Learned a level 4 spell: Fulminant Prism
  6449 | D:5      | Offered knowledge of Flame Wave by Vehumet.
  6682 | D:6      | Noticed Edmund
  6772 | D:6      | Killed Edmund
  7174 | D:7      | Reached XP level 9. HP: 54/65 MP: 10/18
  7265 | D:7      | Found an ancient bone altar of Kikubaaqudgha.
  7664 | D:7      | Found an ornate altar of the Wu Jian Council.
  7729 | D:7      | Found a staircase to the Ecumenical Temple.
  7784 | Temple   | Entered the Ecumenical Temple
  7985 | D:7      | Reached **** piety under Vehumet
  8203 | D:6      | Reached skill level 5 in Invocations
  8430 | D:6      | Offered knowledge of Irradiate by Vehumet.
  8436 | D:6      | Noticed Pikel
  8442 | D:6      | Learned a level 5 spell: Irradiate
  8551 | D:8      | Noticed a komodo dragon
  8552 | D:8      | Noticed a hornet
  8565 | D:8      | Killed a komodo dragon
  8578 | D:8      | Killed a hornet
  8594 | D:8      | Reached skill level 5 in Fighting
  8594 | D:8      | Reached skill level 5 in Short Blades
  8594 | D:8      | Reached skill level 5 in Long Blades
  8594 | D:8      | Reached skill level 5 in Axes
  8594 | D:8      | Reached skill level 5 in Maces & Flails
  8594 | D:8      | Reached skill level 5 in Polearms
  8594 | D:8      | Reached skill level 5 in Staves
  8594 | D:8      | Reached skill level 5 in Ranged Weapons
  8594 | D:8      | Reached skill level 5 in Throwing
  8594 | D:8      | Reached skill level 5 in Armour
  8594 | D:8      | Reached skill level 5 in Shields
  8594 | D:8      | Reached skill level 5 in Unarmed Combat
  8594 | D:8      | Reached skill level 5 in Evocations
  8594 | D:8      | Reached XP level 10. HP: 74/74 MP: 12/20
  8621 | D:8      | Noticed a gargoyle
  8652 | D:8      | Killed a gargoyle
  8733 | D:8      | Noticed Joseph
  8754 | D:8      | Killed an unseen horror
  8853 | D:8      | Killed Joseph
  8876 | D:8      | Found a flagged portal.
  8916 | Bailey   | Entered a bailey
  9144 | Bailey   | Reached ***** piety under Vehumet
  9147 | Bailey   | Offered knowledge of Sticky Flame by Vehumet.
  9713 | Bailey   | Noticed a gargoyle
  9737 | Bailey   | Killed a gargoyle
  9958 | D:8      | Found Ciowaocw's Antique Weapon Shoppe.
 10400 | D:9      | Reached skill level 5 in Hexes
 10400 | D:9      | Reached skill level 5 in Summonings
 10400 | D:9      | Reached skill level 5 in Necromancy
 10400 | D:9      | Reached skill level 5 in Translocations
 10400 | D:9      | Reached skill level 5 in Transmutations
 10400 | D:9      | Reached skill level 5 in Fire Magic
 10400 | D:9      | Reached skill level 5 in Ice Magic
 10400 | D:9      | Reached skill level 5 in Air Magic
 10400 | D:9      | Reached skill level 5 in Earth Magic
 10400 | D:9      | Reached skill level 5 in Poison Magic
 10440 | D:9      | Noticed Prince Ribbit
 10444 | D:9      | Killed Prince Ribbit
 10445 | D:9      | Reached XP level 11. HP: 81/81 MP: 15/22
 10491 | D:9      | Found a basalt altar of Yredelemnul.
 10529 | D:9      | Identified the +3 chain mail of Lethargy {Rampage Will+
                  | Str-2}
 10544 | D:9      | Noticed a two-headed ogre
 10573 | D:9      | Killed a two-headed ogre
 10590 | D:8      | Learned a level 5 spell: Freezing Cloud
 11553 | D:10     | Entered Level 10 of the Dungeon
 11553 | D:10     | Found a staircase to the Orcish Mines.
 11957 | D:9      | Identified a scroll of acquirement
 12484 | D:10     | Identified the +4 scimitar of Doceupro {flame, rPois}
 12784 | D:10     | Found Ynueha Erchio's General Store.
 13000 | D:10     | Offered knowledge of Plasma Beam by Vehumet.
 13018 | D:10     | Bought a +0 cloak of poison resistance for 136 gold pieces
 13188 | D:11     | Found a staircase to the Lair.
 13387 | Lair:1   | Entered Level 1 of the Lair of Beasts
 13491 | Lair:1   | Found an iron altar of Okawaru.
 13496 | Lair:1   | Identified the +11 dagger of Intuition {flame, *Rage rPois
                  | rC+ rN+ Stlth+}
 13755 | Lair:1   | You are sucked into a shaft and drop 1 floor!
 13907 | Lair:2   | Noticed a manticore
 13957 | Lair:1   | Reached XP level 12. HP: 67/91 MP: 6/24
 14637 | Lair:2   | Learned a level 1 spell: Apportation
 14842 | Lair:2   | Found a staircase to the Shoals.
 15665 | Lair:3   | Offered knowledge of Starburst by Vehumet.
 15993 | Lair:3   | Identified the +0 helmet of Pavobeaf {rC++ Int-2}
 16033 | Lair:3   | Found a hole to the Spider Nest.
 16108 | Lair:4   | Noticed a skyshark
 16108 | Lair:4   | Noticed a death yak
 16108 | Lair:4   | Noticed a death yak
 16108 | Lair:4   | Noticed a death yak
 16108 | Lair:4   | Noticed a death yak
 16108 | Lair:4   | Noticed a death yak
 16147 | Lair:4   | Killed a skyshark
 16173 | Lair:4   | Killed a death yak
 16176 | Lair:4   | Killed a death yak
 16177 | Lair:4   | Reached XP level 13. HP: 91/98 MP: 2/26
 16347 | Lair:4   | Reached skill level 10 in Conjurations
 16827 | Lair:4   | Reached skill level 10 in Spellcasting
 17200 | Lair:4   | Reached skill level 10 in Dodging
 17457 | Lair:5   | Entered Level 5 of the Lair of Beasts
 17545 | Lair:5   | Reached skill level 10 in Stealth
 17777 | Lair:5   | Reached skill level 10 in Invocations
 17777 | Lair:5   | Reached XP level 14. HP: 81/108 MP: 23/28
 18222 | Lair:5   | Found a staircase to the Slime Pits.
 18551 | Lair:5   | Offered knowledge of Orb of Destruction by Vehumet.
 19053 | Lair:5   | Found a corrupted altar of Lugonu.
 19096 | Lair:5   | Found a one-way gate to the infinite horrors of the Abyss.
 19111 | Lair:5   | Identified the ring "Qastaf" {rCorr Slay+2 Stlth+}
 19124 | Lair:5   | Learned a level 7 spell: Orb of Destruction
 19367 | D:6      | Killed Pikel
 19488 | D:6      | Found an opulent altar of Gozag.
 19509 | D:6      | Got Onaosh's Commentary on the Lethal Cwm
 19716 | D:5      | Killed browni3141's ghost
 19718 | D:5      | Killed Seidenschwarz's ghost
 19721 | D:5      | Killed hogiebunz's ghost
 19834 | Orc:1    | Entered Level 1 of the Orcish Mines
 20160 | Orc:2    | Entered Level 2 of the Orcish Mines
 20254 | Orc:2    | Offered knowledge of Conjure Ball Lightning by Vehumet.
 20513 | Orc:2    | Found a staircase to the Elven Halls.
 21274 | Orc:2    | Found Cimessox's Antique Weapon Emporium.
 21275 | Orc:2    | Found Syfu's Magic Scroll Shoppe.
 21276 | Orc:2    | Found Puuwi's Magic Scroll Shoppe.
 21283 | Orc:2    | Found Ucivvool's Distillery.
 21287 | Orc:2    | Acquired 1123 gold pieces
 21289 | Orc:2    | Bought a scroll of acquirement for 624 gold pieces
 21289 | Orc:2    | Bought a scroll of identify for 24 gold pieces
 21289 | Orc:2    | Bought a scroll of blinking for 90 gold pieces
 21289 | Orc:2    | Bought a scroll of poison for 48 gold pieces
 21289 | Orc:2    | Bought a scroll of identify for 24 gold pieces
 21289 | Orc:2    | Bought a scroll of magic mapping for 90 gold pieces
 21289 | Orc:2    | Bought a scroll of identify for 24 gold pieces
 21294 | Orc:2    | Acquired 723 gold pieces
 21297 | Orc:2    | Bought a scroll of acquirement for 884 gold pieces
 21299 | Orc:2    | Bought 3 scrolls of blinking for 382 gold pieces
 21300 | Orc:2    | Bought a potion of magic for 112 gold pieces
 21300 | Orc:2    | Bought a potion of lignification for 42 gold pieces
 21300 | Orc:2    | Bought a potion of haste for 140 gold pieces
 21448 | Orc:2    | Noticed Jorgrun
 21455 | Orc:2    | Killed Jorgrun
 21456 | Orc:2    | Reached skill level 10 in Fighting
 21456 | Orc:2    | Reached skill level 10 in Short Blades
 21456 | Orc:2    | Reached skill level 10 in Long Blades
 21456 | Orc:2    | Reached skill level 10 in Axes
 21456 | Orc:2    | Reached skill level 10 in Maces & Flails
 21456 | Orc:2    | Reached skill level 10 in Polearms
 21456 | Orc:2    | Reached skill level 10 in Staves
 21456 | Orc:2    | Reached skill level 10 in Ranged Weapons
 21456 | Orc:2    | Reached skill level 10 in Throwing
 21456 | Orc:2    | Reached skill level 10 in Armour
 21456 | Orc:2    | Reached skill level 10 in Shields
 21456 | Orc:2    | Reached skill level 10 in Unarmed Combat
 21456 | Orc:2    | Reached skill level 10 in Evocations
 21569 | Orc:2    | Noticed Sonja
 21581 | Orc:2    | Killed Sonja
 21706 | Orc:2    | Noticed Josephine
 21713 | Orc:2    | Killed Josephine
 21717 | Orc:2    | Reached XP level 15. HP: 102/115 MP: 30/30
 22048 | D:11     | Offered knowledge of Arcjolt by Vehumet.
 23241 | D:12     | Found a transporter.
 23245 | D:12     | Found a transporter.
 23247 | D:12     | Found a transporter.
 23251 | D:12     | Found a transporter.
 24124 | D:13     | Found a gate to the Vaults.
 24581 | D:14     | Identified the +6 battleaxe of Jemiucvy {freeze, rN+ Dex+5
                  | Stlth+}
 24856 | D:14     | Identified the +1 robe of Minor Irritation {Dex+2}
 25289 | D:14     | Got the Teachings on Geological Anthracomancy
 25525 | D:14     | Offered knowledge of Lehudib's Crystal Spear by Vehumet.
 25561 | D:15     | Entered Level 15 of the Dungeon
 25606 | D:15     | Reached XP level 16. HP: 108/124 MP: 9/32
 25824 | D:15     | Found a staircase to the Depths.
 26624 | Shoals:1 | Entered Level 1 of the Shoals
 26674 | Shoals:1 | Noticed Mlioglotl
 26699 | Lair:2   | Learned a level 6 spell: Iron Shot
 26709 | Shoals:1 | Noticed a tentacled starspawn
 26808 | Shoals:1 | Killed Mlioglotl
 27509 | Shoals:1 | Noticed Aizul
 27536 | Shoals:1 | Killed Aizul
 28636 | Shoals:2 | Noticed Polyphemus
 28644 | Shoals:2 | Killed Polyphemus
 29115 | Shoals:2 | Reached ****** piety under Vehumet
 29671 | Shoals:3 | Noticed Nikola
 29688 | Shoals:3 | Killed Nikola
 30050 | Shoals:3 | Reached XP level 17. HP: 129/133 MP: 21/33
 30383 | Shoals:3 | Offered knowledge of Fire Storm by Vehumet.
 30383 | Shoals:3 | Offered knowledge of Shatter by Vehumet.
 30383 | Shoals:3 | Offered knowledge of Maxwell's Capacitive Coupling by
                  | Vehumet.
 30475 | Shoals:3 | Reached skill level 10 in Hexes
 30475 | Shoals:3 | Reached skill level 10 in Summonings
 30475 | Shoals:3 | Reached skill level 10 in Necromancy
 30475 | Shoals:3 | Reached skill level 10 in Translocations
 30475 | Shoals:3 | Reached skill level 10 in Transmutations
 30475 | Shoals:3 | Reached skill level 10 in Fire Magic
 30475 | Shoals:3 | Reached skill level 10 in Ice Magic
 30475 | Shoals:3 | Reached skill level 10 in Air Magic
 30475 | Shoals:3 | Reached skill level 10 in Earth Magic
 30475 | Shoals:3 | Reached skill level 10 in Poison Magic
 30640 | Shoals:3 | Noticed Ilsuiw
 30851 | Shoals:3 | Killed Ilsuiw
 31523 | Shoals:4 | Entered Level 4 of the Shoals
 32769 | Shoals:4 | Identified the +0 plate armour "Uhetarol" {rCorr SInv
                  | Stlth+}
 33082 | Shoals:4 | Identified the +0 falchion of the Elven Halls {protect,
                  | Will+ rCorr}
 33473 | Shoals:4 | Acquired the ring "Eddiapas" {Int+5 Dex+6}
 34101 | Elf:1    | Entered Level 1 of the Elven Halls
 34101 | Elf:1    | Found a runed translucent gate.
 34101 | Elf:1    | Found a runed translucent gate.
 34101 | Elf:1    | Found a runed translucent gate.
 34101 | Elf:1    | Found a runed translucent gate.
 34101 | Elf:1    | Found a runed translucent gate.
 34101 | Elf:1    | Found a runed translucent gate.
 34228 | Spider:1 | Entered Level 1 of the Spider Nest
 34337 | Lair:3   | Learned a level 6 spell: Statue Form
 34927 | Spider:1 | Noticed Rupert
 35519 | Spider:1 | Reached XP level 18. HP: 141/141 MP: 25/35
 37615 | Spider:3 | Found a frozen archway.
 37711 | IceCv    | Entered an ice cave
 38836 | IceCv    | Noticed a golden dragon
 39400 | Spider:3 | Identified the +4 scale mail of Oderr {Str+3}
 39614 | Spider:3 | Noticed Agnes
 39625 | Spider:3 | Killed Agnes
 40323 | Spider:4 | Entered Level 4 of the Spider Nest
 40323 | Spider:4 | Noticed Arachne
 40329 | Spider:4 | Killed Arachne
 42217 | Spider:4 | Reached XP level 19. HP: 149/149 MP: 29/37
 43727 | Spider:4 | Identified the +0 pair of gloves "Pavisk" {MP+9 Int+2 Dex+2
                  | Stlth-}
 43802 | Spider:4 | Reached XP level 20. HP: 157/157 MP: 38/38
 44120 | Elf:1    | Found a runed translucent door.
 44131 | Elf:1    | Found a runed translucent door.
 44221 | Orc:2    | Learned a level 5 spell: Borgnjor's Vile Clutch
 44500 | Elf:1    | Noticed Azrael
 44507 | Elf:1    | Killed Azrael
 44654 | Elf:1    | Found Woifuzod's Armour Boutique.
 45515 | Elf:1    | Bought a +0 pair of boots for 58 gold pieces
 45666 | Elf:1    | Got the Precepts of Kinetic Energy and the Gathering
 45738 | Elf:1    | Noticed Kirke
 45746 | Elf:1    | Killed Kirke
 45747 | Elf:1    | Reached skill level 15 in Invocations
 46678 | Elf:2    | Found a runed translucent gate.
 46678 | Elf:2    | Found a runed translucent gate.
 46678 | Elf:2    | Found a runed translucent gate.
 46682 | Elf:2    | Found Husat's Antique Weapon Emporium.
 46717 | Elf:2    | Found Pim Humi's Antique Armour Boutique.
 46843 | Elf:2    | Found Ryol's Distillery.
 47107 | Elf:3    | Entered Level 3 of the Elven Halls
 47108 | Elf:3    | Paralysed by an air elemental for 1 turns
 47329 | Elf:3    | Found Pogg's Antique Weapon Boutique.
 47332 | Elf:3    | Bought a slimy long sword for 195 gold pieces
 47332 | Elf:3    | Identified the +4 long sword of Indomitability {venom,
                  | Str+3} (You bought it in a shop on level 3 of the Elven
                  | Halls)
 47763 | Elf:3    | Reached XP level 21. HP: 165/165 MP: 19/39
 48084 | Elf:2    | Bought a shimmering ring mail for 288 gold pieces
 48084 | Elf:2    | Identified the +1 ring mail "Fouli" {Harm Int+8 Dex-4
                  | Stlth+} (You bought it in a shop on level 2 of the Elven
                  | Halls)
 48123 | Elf:3    | Noticed Louise
 48133 | Elf:3    | Killed Louise
 48449 | Elf:3    | Reached skill level 15 in Spellcasting
 48830 | Elf:3    | Identified the +7 double sword "Ifuh" {spect, rF+ rC+
                  | Dex+3}
 49364 | Elf:3    | Reached skill level 15 in Dodging
 49389 | Elf:3    | Identified the +5 dagger of Resumed Hostilities {venom, rN+
                  | Dex+3}
 49389 | Elf:3    | Identified the ring "Trusted Companion" {rPois Str+2 Int+6
                  | SInv}
 49731 | Elf:3    | Reached skill level 15 in Stealth
 49858 | Elf:3    | Identified the +5 spear "Mefil" {flame, Dex+3}
 50376 | Depths:1 | Entered Level 1 of the Depths
 50582 | Depths:1 | Found Zeeph's Distillery.
 50583 | Depths:1 | Found Ebouwkarhu's Antique Armour Shoppe.
 50583 | Depths:1 | Found Egagath's Armour Emporium.
 50594 | Depths:1 | Found Piliuj's Weapon Emporium.
 50610 | Depths:1 | Bought a smelly leather armour for 224 gold pieces
 50610 | Depths:1 | Identified the +3 leather armour "Boowuara" {Rampage +Blink
                  | rC+ Dex+5 Stlth-} (You bought it in a shop on level 1 of
                  | the Depths)
 51058 | Depths:1 | Found a stormy altar of Qazlal.
 51324 | Depths:1 | Found a gateway to Hell.
 51599 | Depths:2 | Noticed Vv
 51624 | Depths:2 | Noticed Sojobo
 51630 | Depths:2 | Killed Sojobo
 51831 | Depths:2 | Found Veteep's General Store.
 51838 | Depths:2 | Bought a potion of invisibility for 80 gold pieces
 51838 | Depths:2 | Bought a potion of resistance for 100 gold pieces
 51838 | Depths:2 | Bought a scroll of butterflies for 40 gold pieces
 51838 | Depths:2 | Bought a wand of charming (8) for 192 gold pieces
 51838 | Depths:2 | Acquired 1020 gold pieces
 52169 | Depths:2 | Found a one-way gate leading to the halls of Pandemonium.
 52180 | Depths:2 | Reached XP level 22. HP: 138/174 MP: 26/41
 52956 | Depths:2 | Killed Vv
 53130 | Depths:2 | Reached skill level 15 in Fighting
 53130 | Depths:2 | Reached skill level 15 in Short Blades
 53130 | Depths:2 | Reached skill level 15 in Long Blades
 53130 | Depths:2 | Reached skill level 15 in Axes
 53130 | Depths:2 | Reached skill level 15 in Maces & Flails
 53130 | Depths:2 | Reached skill level 15 in Polearms
 53130 | Depths:2 | Reached skill level 15 in Staves
 53130 | Depths:2 | Reached skill level 15 in Ranged Weapons
 53130 | Depths:2 | Reached skill level 15 in Throwing
 53130 | Depths:2 | Reached skill level 15 in Armour
 53130 | Depths:2 | Reached skill level 15 in Shields
 53130 | Depths:2 | Reached skill level 15 in Unarmed Combat
 53130 | Depths:2 | Reached skill level 15 in Evocations
 53312 | Depths:2 | Identified the +8 dagger of Revolt {pain, rN+ Dex+2}
 53544 | Depths:2 | Found a runed translucent door.
 53544 | Depths:2 | Noticed a dread lich
 53581 | Depths:2 | Killed a dread lich
 53668 | Depths:2 | Found a runed translucent door.
 53669 | Depths:2 | Noticed an ancient lich
 53680 | Depths:2 | Killed an ancient lich
 53684 | Depths:2 | Identified the staff of cold "Davir" {*Corrode rC+ Int+2
                  | Dex+2}
 53943 | Depths:3 | Found a one-way gateway to a ziggurat.
 54743 | Depths:3 | Identified the +0 robe "Ifroc" {Regen+ Int+3 Stlth-}
 54878 | Depths:3 | Identified the +7 war axe "Ehystixe" {flame, Fragile rF+
                  | Str+7}
 55010 | Depths:3 | Noticed a juggernaut
 55032 | Depths:3 | Killed a juggernaut
 55196 | Depths:3 | Identified the +0 flail "Vafurphar" {flame, rC+ Dex+3}
 55259 | Depths:4 | Entered Level 4 of the Depths
 55507 | Depths:4 | Reached XP level 23. HP: 144/182 MP: 30/43
 55533 | Depths:4 | Noticed a golden dragon
 55536 | Depths:4 | Killed a golden dragon
 55924 | Depths:4 | Found a gate to the Realm of Zot.
 56214 | Depths:4 | Found a sparkling altar of Nemelex Xobeh.
 56777 | Slime:1  | Entered Level 1 of the Pits of Slime
 56935 | Slime:1  | Reached skill level 15 in Conjurations
 57814 | Slime:3  | Noticed Dissolution
 57821 | Slime:3  | Killed Dissolution
 58176 | Slime:5  | Entered Level 5 of the Pits of Slime
 58244 | Slime:4  | Learned a level 8 spell: Maxwell's Capacitive Coupling
 58600 | Slime:5  | Noticed the Royal Jelly
 58701 | Slime:4  | Gained mutation: Your spells are a little harder to cast,
                  | but a little more powerful. [a shining eye]
 59192 | Slime:5  | Killed the Royal Jelly
 59738 | Slime:5  | Identified the ring "Hafaybat" {Fly rF+ Dex+4}
 59780 | Slime:5  | Identified the ring of Xohupin {Fire rPois Str+2 Int+2}
 59795 | Slime:5  | Identified the +5 troll leather armour of Vlad {+Blink
                  | Regen+ Dex+2}
 59803 | Slime:5  | Got the Tome of Forms
 59805 | Slime:5  | Identified the quicksilver dragon scales of Hedging {rPois
                  | rC- Will+ Regen+}
 59815 | Slime:5  | Identified the +2 helmet of Cagug {+Inv rC+ Str-4 Int+5}
 59823 | Slime:5  | Got the Octavo of the Exiled Princes
 60209 | Orc:2    | Bought a potion of heal wounds for 70 gold pieces
 60209 | Orc:2    | Bought a potion of haste for 140 gold pieces
 60209 | Orc:2    | Bought a potion of ambrosia for 112 gold pieces
 60210 | Orc:2    | Bought a scroll of teleportation for 51 gold pieces
 60210 | Orc:2    | Bought a scroll of butterflies for 68 gold pieces
 60211 | Orc:2    | Bought a scroll of teleportation for 36 gold pieces
 60211 | Orc:2    | Bought a scroll of teleportation for 36 gold pieces
 60298 | Elf:2    | Bought a potion of brilliance for 76 gold pieces
 60298 | Elf:2    | Bought a potion of haste for 190 gold pieces
 60298 | Elf:2    | Bought 2 potions of curing for 114 gold pieces
 60434 | D:10     | Bought a box of beasts for 640 gold pieces
 60434 | D:10     | Bought a wand of charming (5) for 192 gold pieces
 60562 | Elf:2    | Reached XP level 24. HP: 187/191 MP: 40/43
 61114 | Vaults:1 | Entered Level 1 of the Vaults
 61149 | Vaults:1 | Found Icaveh Fokh's General Store.
 61157 | Vaults:1 | Bought a scroll of fear for 72 gold pieces
 61196 | Vaults:1 | Found Wasicaeh's Jewellery Emporium.
 61254 | Vaults:1 | Found Gumaonn's Distillery.
 61310 | Vaults:1 | Found a magical portal.
 61337 | WizLab   | Entered Yara's Duelist Academy
 61812 | WizLab   | Noticed Gokhlee
 61818 | WizLab   | Killed Gokhlee the Head Instructor
 62124 | Vaults:1 | Bought a potion of haste for 170 gold pieces
 62334 | Vaults:1 | Found Duudghod's Armour Shoppe.
 62830 | Vaults:1 | Noticed Asterion
 62838 | Vaults:1 | Killed Asterion
 63580 | Vaults:2 | Noticed Margery
 63586 | Vaults:2 | Killed Margery
 63896 | Vaults:2 | Noticed a dread lich
 63912 | Vaults:2 | Reached XP level 25. HP: 200/200 MP: 41/44
 63914 | Vaults:2 | Killed a dread lich
 64373 | Vaults:3 | Noticed Bai Suzhen
 64379 | Vaults:3 | Killed Bai Suzhen
 64450 | Vaults:3 | Found a runed translucent gate.
 64450 | Vaults:3 | Found a runed translucent gate.
 64450 | Vaults:3 | Found a runed translucent gate.
 64451 | Vaults:3 | Noticed Lukheov's ghost (veteran DrWn)
 64787 | Vaults:3 | Got Yviript's Compilation of the Tincture
 64822 | Vaults:3 | Found Ipuir's Assorted Antiques.
 64909 | Vaults:3 | Found a staircase to the Crypt.
 64909 | Vaults:3 | Found an ancient bone altar of Kikubaaqudgha.
 64909 | Vaults:3 | Found a basalt altar of Yredelemnul.
 65771 | Vaults:4 | Identified the amulet of Rilaen {Spirit -Tele rElec rC++
                  | Str+4}
 66262 | Vaults:5 | Entered Level 5 of the Vaults
 66280 | Vaults:5 | Noticed a dread lich
 66296 | Vaults:5 | Killed a dread lich
 66311 | Vaults:5 | Reached skill level 15 in Hexes
 66311 | Vaults:5 | Reached skill level 15 in Summonings
 66311 | Vaults:5 | Reached skill level 15 in Necromancy
 66311 | Vaults:5 | Reached skill level 15 in Translocations
 66311 | Vaults:5 | Reached skill level 15 in Transmutations
 66311 | Vaults:5 | Reached skill level 15 in Fire Magic
 66311 | Vaults:5 | Reached skill level 15 in Ice Magic
 66311 | Vaults:5 | Reached skill level 15 in Air Magic
 66311 | Vaults:5 | Reached skill level 15 in Earth Magic
 66311 | Vaults:5 | Reached skill level 15 in Poison Magic
 66325 | Vaults:5 | Reached XP level 26. HP: 131/209 MP: 16/45
 66663 | Vaults:5 | Noticed Saint Roka
 66981 | Vaults:5 | Identified the ring "Evoboo Voky" {rElec rN+ Int+2 SInv}
 67023 | Vaults:5 | Identified the +3 war axe of the Heavens {holy, Fragile
                  | rCorr Dex-3 Stlth+}
 67153 | Vaults:5 | Got the Meditations on Conjuration
 67239 | Vaults:5 | Got a silver rune of Zot
 67266 | Vaults:5 | Identified the +6 chain mail of Ignis's Inspiration {Harm
                  | Slay+2 SInv}
 67297 | Vaults:5 | Identified the ring "Qovatuck" {rN+ Will+}
 67471 | Vaults:5 | Identified the +8 trident "Sarcophage" {protect, +Blink
                  | rF+}
 67555 | Vaults:5 | Identified the staff of fire "Pesinorch" {rF+ Str+7}
 67556 | Vaults:5 | Identified the staff of death "Ufiejeqi" {Fragile rPois rF+
                  | rN+}
 67669 | Vaults:5 | Killed Saint Roka
 67685 | Vaults:5 | Identified the +1 plate armour of Xameden {Harm *Slow rElec
                  | rCorr}
 67720 | Vaults:5 | Identified the +1 spear "Bowuru" {pain, Int+2 Dex+5}
 68656 | Spider:1 | Killed Rupert
 68852 | Spider:4 | Got a gossamer rune of Zot
 69143 | Shoals:4 | Got a barnacled rune of Zot
 69382 | Slime:5  | Got a slimy rune of Zot
 69724 | Crypt:1  | Entered Level 1 of the Crypt
 71556 | Crypt:3  | Entered Level 3 of the Crypt
 72146 | Crypt:3  | Found a staircase to the Tomb.
 72339 | Crypt:3  | Reached XP level 27. HP: 208/215 MP: 45/45
 72529 | Crypt:3  | Found a basalt altar of Yredelemnul.
 72635 | Crypt:3  | Noticed an ancient lich
 72641 | Crypt:3  | Killed an ancient lich
 73728 | Zot:1    | Entered Level 1 of the Realm of Zot
 73756 | Zot:1    | Got the Treatise on Rime
 74157 | Zot:1    | Identified the +12 great sword of Pride {heavy, rPois rCorr
                  | MP+9 Dex-3}
 74856 | Zot:2    | Identified the +2 spear of Wibounim {heavy, rF+ Stlth+}
 75799 | Depths:3 | Learned a level 6 spell: Dispersal
 75803 | Hell     | Entered the Vestibule of Hell
 75804 | Hell     | Noticed Geryon
 75919 | Depths:3 | Learned a level 7 spell: Spellforged Servitor
 75929 | Depths:3 | Learned a level 8 spell: Lehudib's Crystal Spear
 76037 | Depths:3 | Voluntarily entered the Abyss.
 76133 | Abyss:1  | Paralysed by accursed screaming for 1 turns
 76208 | Abyss:1  | Paralysed by a floating eye for 3 turns
 76294 | Abyss:1  | Found a corrupted altar of Lugonu.
 76447 | Abyss:2  | Found a corrupted altar of Lugonu.
 77560 | Abyss:2  | Found a corrupted altar of Lugonu.
 77932 | Abyss:2  | Found a corrupted altar of Lugonu.
 78472 | Abyss:3  | Found an iron altar of Okawaru.
 78659 | Abyss:3  | Found an iron altar of Okawaru.
 78806 | Abyss:3  | Got an abyssal rune of Zot
 78961 | Abyss:3  | Found a corrupted altar of Lugonu.
 79218 | Abyss:3  | Found a corrupted altar of Lugonu.
 79269 | Abyss:3  | Gained mutation: You occasionally shout uncontrollably at
                  | your foes. [a neqoxec]
 79313 | Abyss:3  | Got the Elucidation of Burning and the Tempest
 79335 | Abyss:3  | Got the Book of Rot
 79350 | Abyss:3  | Got Foiqog's Octavo of Phlogiston
 79367 | Abyss:3  | Got Yrchu's Compilation of Earth
 79464 | Abyss:3  | Found a corrupted altar of Lugonu.
 79633 | Abyss:3  | Noticed a dread lich
 79639 | Abyss:3  | Killed a dread lich
 79809 | Abyss:3  | Gained mutation: You have a pair of small horns on your
                  | head. [a neqoxec]
 79817 | Abyss:3  | Lost mutation: You have a pair of small horns on your head.
                  | [potion of mutation]
 79817 | Abyss:3  | Lost mutation: You occasionally shout uncontrollably at
                  | your foes. [potion of mutation]
 79817 | Abyss:3  | Lost mutation: Your spells are a little harder to cast, but
                  | a little more powerful. [potion of mutation]
 80184 | Abyss:3  | Gained mutation: You are dopey. (Int -2) [a neqoxec]
 80189 | Depths:3 | Escaped the Abyss
 80284 | Depths:3 | Voluntarily entered the Abyss.
 80284 | Abyss:3  | Found a corrupted altar of Lugonu.
 80322 | Abyss:3  | Found a bloodstained altar of Trog.
 80523 | Abyss:3  | Found a corrupted altar of Lugonu.
 80596 | Abyss:3  | Found a corrupted altar of Lugonu.
 80709 | Abyss:3  | Found a corrupted altar of Lugonu.
 80835 | Abyss:3  | Found a corrupted altar of Lugonu.
 81151 | Depths:3 | Escaped the Abyss
 81303 | Depths:2 | Learned a level 8 spell: Necromutation
 81303 | Depths:2 | Lost mutation: You are dopey. (Int -2) [potion of mutation]
 81303 | Depths:2 | Gained mutation: You occasionally shout uncontrollably at
                  | your foes. [potion of mutation]
 81303 | Depths:2 | Gained mutation: You do not regenerate when monsters are
                  | visible. [potion of mutation]
 81303 | Depths:2 | Gained mutation: Your mind is acute. (Int +4, Str/Dex -1)
                  | [potion of mutation]
 81304 | Depths:2 | Lost mutation: Your mind is acute. (Int +4, Str/Dex -1)
                  | [potion of mutation]
 81304 | Depths:2 | Lost mutation: You do not regenerate when monsters are
                  | visible. [potion of mutation]
 81304 | Depths:2 | Lost mutation: You occasionally shout uncontrollably at
                  | your foes. [potion of mutation]
 81304 | Depths:2 | Gained mutation: Your flesh is heat resistant. (rF+)
                  | [potion of mutation]
 81304 | Depths:2 | Gained mutation: You occasionally lose the ability to drink
                  | potions when taking damage. [potion of mutation]
 81305 | Depths:2 | Lost mutation: You occasionally lose the ability to drink
                  | potions when taking damage. [potion of mutation]
 81305 | Depths:2 | Lost mutation: Your flesh is heat resistant. (rF+) [potion
                  | of mutation]
 81305 | Depths:2 | Gained mutation: Your mind is acute. (Int +4, Str/Dex -1)
                  | [potion of mutation]
 81305 | Depths:2 | Gained mutation: Your magical capacity is low. (-10% MP)
                  | [potion of mutation]
 81305 | Depths:2 | Gained mutation: You occasionally shout uncontrollably at
                  | your foes. [potion of mutation]
 81375 | Depths:3 | Voluntarily entered the Abyss.
 81944 | Depths:3 | Escaped the Abyss
 82003 | Depths:3 | Voluntarily entered the Abyss.
 82555 | Depths:3 | Escaped the Abyss
 82595 | Depths:3 | Voluntarily entered the Abyss.
 82595 | Abyss:4  | Found a corrupted altar of Lugonu.
 82855 | Abyss:4  | Found a corrupted altar of Lugonu.
 83022 | Abyss:4  | Found a corrupted altar of Lugonu.
 83050 | Abyss:4  | Found a corrupted altar of Lugonu.
 83341 | Abyss:4  | Gained mutation: Your magical capacity is very low. (-20%
                  | MP) [a neqoxec]
 83497 | Abyss:4  | Noticed an ancient lich
 83500 | Abyss:4  | Killed an ancient lich
 83737 | Abyss:4  | Noticed a dread lich
 83739 | Abyss:4  | Killed a dread lich
 83745 | Abyss:4  | Noticed a dread lich
 83759 | Depths:3 | Escaped the Abyss
 83839 | Depths:3 | Voluntarily entered the Abyss.
 83844 | Abyss:4  | Found a corrupted altar of Lugonu.
 83888 | Abyss:4  | Found a corrupted altar of Lugonu.
 84119 | Abyss:4  | Found a corrupted altar of Lugonu.
 85231 | Abyss:4  | Paralysed by a floating eye for 3 turns
 85307 | Abyss:4  | Killed a dread lich
 85327 | Depths:3 | Escaped the Abyss
 85424 | Depths:3 | Voluntarily entered the Abyss.
 85435 | Abyss:4  | Found a corrupted altar of Lugonu.
 85830 | Abyss:4  | Found a corrupted altar of Lugonu.
 85894 | Abyss:4  | Found a corrupted altar of Lugonu.
 86069 | Abyss:4  | Paralysed by accursed screaming for 1 turns
 86232 | Depths:3 | Escaped the Abyss
 86317 | Depths:3 | Voluntarily entered the Abyss.
 86317 | Abyss:4  | Found a corrupted altar of Lugonu.
 86994 | Abyss:4  | Noticed an ancient lich
 87000 | Abyss:4  | Killed an ancient lich
 87478 | Depths:3 | Escaped the Abyss
 87492 | Depths:3 | Learned a level 9 spell: Fire Storm
 87502 | Depths:3 | Learned a level 9 spell: Shatter
 87574 | Hell     | Killed Geryon
 87588 | Hell     | Paralysed by a wendigo for 1 turns
 87773 | Hell     | Found a gateway to the decaying netherworld of Tartarus.
 87844 | Hell     | Found a gateway to the ashen valley of Gehenna.
 87960 | Hell     | Found a gateway to the Iron City of Dis.
 88026 | Hell     | Found a gateway to the freezing wastes of Cocytus.
 88173 | Zig:1    | Entered Level 1 of a ziggurat
 88187 | Zig:2    | Entered Level 2 of a ziggurat
 88207 | Zig:3    | Entered Level 3 of a ziggurat
 88223 | Zig:3    | Identified the +9 demon blade of Invincibility {venom,
                  | Dex+2}
 88255 | Zig:4    | Entered Level 4 of a ziggurat
 88355 | Zig:5    | Entered Level 5 of a ziggurat
 88373 | Zig:5    | Identified the staff of conjuration "Visk" {rF- rCorr
                  | Str+6}
 88383 | Zig:6    | Entered Level 6 of a ziggurat
 88486 | Zig:6    | Identified the staff of death "Afuiryaji" {rN+ MP-9 Dex+4}
 88492 | Zig:7    | Entered Level 7 of a ziggurat
 88552 | Zig:8    | Entered Level 8 of a ziggurat
 88560 | Zig:8    | Noticed a dread lich
 88560 | Zig:8    | Found the +2 shield of Resistance {rF++ rC++ Will++}
 88562 | Zig:8    | Killed a dread lich
 88610 | Zig:9    | Entered Level 9 of a ziggurat
 88618 | Zig:9    | Noticed Ugeghog the pandemonium lord
 88625 | Zig:9    | Killed Ugeghog the pandemonium lord
 88692 | Zig:9    | Found the +7 great mace "Undeadhunter" {deathbane, rN+}
 88700 | Zig:9    | Identified the ring "Yjiekla" {rPois rN+}
 88718 | Zig:10   | Entered Level 10 of a ziggurat
 88727 | Zig:10   | Noticed GonguanaGonguana's ghost (adept DjVM)
 88734 | Zig:10   | Killed GonguanaGonguana's ghost
 88738 | Zig:10   | Noticed bakla's ghost (legendary GrEE)
 88767 | Zig:10   | Killed bakla's ghost
 88776 | Zig:10   | Identified the ring of Resuvves {Ice Dex+4}
 88791 | Zig:10   | Identified the +1 long sword "Rossifuph" {heavy, *Corrode
                  | rElec Will+ Str+6}
 88845 | Zig:11   | Entered Level 11 of a ziggurat
 88862 | Zig:11   | Found the +7 great mace "Firestarter" {flame, immolate,
                  | rFlCloud rF++}
 88890 | Zig:11   | Identified the staff of conjuration "Ureduu" {rC- Str+8}
 88891 | Zig:11   | Identified the +11 chain mail of a Labyrinth {rF- rN++
                  | Regen+ SInv}
 88898 | Zig:11   | Identified the +1 quarterstaff of Nice Guilt {venom, Int+5
                  | Dex+3}
 88910 | Zig:12   | Entered Level 12 of a ziggurat
 88948 | Zig:12   | Identified the +10 rapier of Circular Logic {freeze, Str+7
                  | Dex+3 Stlth-}
 88983 | Zig:13   | Entered Level 13 of a ziggurat
 89005 | Zig:13   | Noticed Xantoina the pandemonium lord
 89012 | Zig:13   | Killed Xantoina the pandemonium lord
 89108 | Zig:13   | Identified the +5 scale mail of the Raven {Rampage *Corrode
                  | +Inv Regen+}
 89114 | Zig:14   | Entered Level 14 of a ziggurat
 89128 | Zig:14   | Found the brooch of Shielding {Spirit SH+8}
 89156 | Zig:14   | Identified the +10 dagger "Zourr" {venom, rElec rF+}
 89165 | Zig:14   | Identified the +3 rapier of Sulonor {freeze, Will+}
 89169 | Zig:14   | Identified the +3 demon trident "Mynt" {elec, Drain Str+4
                  | Int+4}
 89184 | Zig:15   | Entered Level 15 of a ziggurat
 89219 | Zig:15   | Found the +12 pair of quick blades "Gyre" and "Gimble"
                  | {protect}
 89244 | Zig:15   | Identified the +1 long sword of Disharmony {flame, Will+
                  | SInv}
 89251 | Zig:16   | Entered Level 16 of a ziggurat
 89310 | Zig:16   | Identified the staff of poison "Komicups" {*Slow rPois
                  | Str+2 SInv}
 89324 | Zig:16   | Identified the ring of Day {rN+ Int+4 Dex+6}
 89328 | Zig:17   | Entered Level 17 of a ziggurat
 89359 | Zig:17   | Found the +1 robe of Vines {NoPotionHeal Regen++++}
 89367 | Zig:17   | Identified the ring of Xyav {rC++ rN+ Dex+3 Slay-3 Stlth+}
 89380 | Zig:17   | Identified the +0 mace of the World {spect, rC+}
 89386 | Zig:17   | Identified the +6 scale mail "Pahelal" {rN+}
 89392 | Zig:17   | Identified the +4 scimitar "Tuqusoph" {pain, Fly Dex+3}
 89404 | Zig:18   | Entered Level 18 of a ziggurat
 89422 | Zig:18   | Noticed Uxonnu the pandemonium lord
 89422 | Zig:18   | Noticed Vaxuris the pandemonium lord
 89423 | Zig:18   | Noticed Vuvviroe the pandemonium lord
 89423 | Zig:18   | Noticed Qibb the pandemonium lord
 89427 | Zig:18   | Noticed Hutojuh the pandemonium lord
 89428 | Zig:18   | Noticed Motedas the pandemonium lord
 89431 | Zig:18   | Killed Vaxuris the pandemonium lord
 89434 | Zig:18   | Killed Vuvviroe the pandemonium lord
 89437 | Zig:18   | Killed Uxonnu the pandemonium lord
 89439 | Zig:18   | Killed Motedas the pandemonium lord
 89453 | Zig:18   | Killed Hutojuh the pandemonium lord
 89454 | Zig:18   | Killed Qibb the pandemonium lord
 89483 | Zig:18   | Identified the ring of Todiples {rF+ rC+}
 89493 | Zig:18   | Identified the +7 great sword of Pyromania {heavy, rElec
                  | rF- Str+5}
 89498 | Zig:18   | Identified the ring "Guoczanu" {+Blink rF++ rC- EV+5 SInv}
 89499 | Zig:18   | Identified the +5 flail "Leviticus" {vamp, Dex+3}
 89506 | Zig:18   | Identified the staff of conjuration "Qoys" {Contam rElec
                  | rF+ rC+}
 89523 | Zig:19   | Entered Level 19 of a ziggurat
 89542 | Zig:19   | Noticed Nilakouv the pandemonium lord
 89547 | Zig:19   | Killed Nilakouv the pandemonium lord
 89577 | Zig:19   | Found the +7 lajatang of Order {silver, rMut}
 89587 | Zig:19   | Identified the +1 great sword of the Distant Future
                  | {freeze, Str+3}
 89593 | Zig:19   | Identified the ring of Suspicion {rPois rF+ rC++ Str-4
                  | Dex+6}
 89600 | Zig:19   | Identified the +5 dagger "Winanox" {spect, Int+5 Dex+3
                  | Stlth-}
 89613 | Zig:19   | Identified the +2 scale mail "Xosk" {SInv}
 89622 | Zig:20   | Entered Level 20 of a ziggurat
 89632 | Zig:20   | Noticed Qyreom the pandemonium lord
 89637 | Zig:20   | Noticed Obbimom the pandemonium lord
 89641 | Zig:20   | Noticed Devy the pandemonium lord
 89643 | Zig:20   | Killed Qyreom the pandemonium lord
 89645 | Zig:20   | Noticed Deedo the pandemonium lord
 89646 | Zig:20   | Killed Obbimom the pandemonium lord
 89646 | Zig:20   | Killed Devy the pandemonium lord
 89649 | Zig:20   | Noticed Ihejethre the pandemonium lord
 89650 | Zig:20   | Killed Ihejethre the pandemonium lord
 89650 | Zig:20   | Killed Ustongo the pandemonium lord
 89658 | Zig:20   | Killed Deedo the pandemonium lord
 89659 | Zig:20   | Noticed Wowker the pandemonium lord
 89659 | Zig:20   | Noticed Buatots the pandemonium lord
 89661 | Zig:20   | Killed Inyurum the pandemonium lord
 89661 | Zig:20   | Killed Buatots the pandemonium lord
 89664 | Zig:20   | Killed Wowker the pandemonium lord
 89666 | Zig:20   | Noticed Jinaenifa the pandemonium lord
 89669 | Zig:20   | Killed Jinaenifa the pandemonium lord
 89671 | Zig:20   | Noticed Coyka the pandemonium lord
 89672 | Zig:20   | Killed Coyka the pandemonium lord
 89710 | Zig:20   | Identified the staff of earth "Mugov" {rF+ Dex+5}
 89739 | Zig:21   | Entered Level 21 of a ziggurat
 89809 | Zig:21   | Identified the +3 shortbow "Leviticus" {heavy, rElec Int+3
                  | Dex+2}
 89831 | Zig:21   | Identified the +2 glaive of Devotion {heavy, rPois rC+++
                  | Str-3 Stlth+}
 89837 | Zig:22   | Entered Level 22 of a ziggurat
 89873 | Zig:22   | Reached skill level 27 in Invocations
 89883 | Zig:22   | Found the +4 moon troll leather armour {Spirit, Regen++
                  | MP+5}
 89907 | Zig:22   | Got the Folio of Cold Minerals
 89912 | Zig:22   | Identified the staff of earth "Vedaust" {rF+ SInv}
 89913 | Zig:22   | Identified the +7 scimitar of Cobwebs {speed, rF++}
 89931 | Zig:22   | Identified the staff of earth "Rioler" {rPois rC- SInv}
 89938 | Zig:22   | Identified the staff of death "Gehook" {rElec rN+ Will+
                  | Str+8 Int-4}
 89951 | Zig:23   | Entered Level 23 of a ziggurat
 90001 | Zig:23   | Reached skill level 27 in Short Blades
 90028 | Zig:23   | Identified the +7 glaive of Esinot {freeze, rPois Str-2
                  | Dex+8 SInv}
 90039 | Zig:23   | Identified the +4 scimitar "Woithan" {heavy, rN+}
 90049 | Zig:23   | Identified the +1 ring mail of Limited Liability {-Tele
                  | Will++ MP+9 SInv}
 90050 | Zig:23   | Identified the ring of Goqiten {rPois rN+ Str+2 Stlth+}
 90068 | Zig:24   | Entered Level 24 of a ziggurat
 90088 | Zig:24   | Noticed a dread lich
 90093 | Zig:24   | Killed a dread lich
 90268 | Zig:24   | Found the +3 greatsling "Punk" {acid, rCorr}
 90286 | Zig:24   | Identified the ring "Guduc" {rF+ Str+6}
 90287 | Zig:24   | Identified the +0 leather armour of Tedd {rC+ Slay+4}
 90288 | Zig:24   | Identified the +7 morningstar "Tormentor" {heavy, Dex+5}
 90290 | Zig:24   | Identified the staff of air "Zip Uguh" {Fly rElec Int-3
                  | Dex+4}
 90297 | Zig:24   | Identified the +11 crystal plate armour "Danowk" {*Slow
                  | Int+4 Dex+2}
 90317 | Zig:24   | Identified the ring "Voxzameq" {rC+ Str-5 Dex+6 Slay+3}
 90323 | Zig:24   | Identified the +2 leather armour "Zaaloaso" {Will+ Int+3}
 90324 | Zig:24   | Identified the +5 plate armour of the Eleven Lies {Contam
                  | rElec rPois}
 90366 | Zig:25   | Entered Level 25 of a ziggurat
 90517 | Zig:25   | Found the +2 Maxwell's thermic engine {flame, freeze, rev}
 90518 | Zig:25   | Found the +2 hood of the Assassin {Detect Stab+ Stlth++}
 90530 | Zig:25   | Identified the ring of Ughumen {rF+ rC+}
 90533 | Zig:25   | Identified the +5 war axe "Romiatho" {elec, rC+ Str+2}
 90534 | Zig:25   | Identified the +5 scale mail of Analysis {Int+6}
 90537 | Zig:25   | Identified the +3 giant club of the Shouting Dove {heavy,
                  | *Rage rC+ Will+ Int+3}
 90538 | Zig:25   | Identified the +8 quarterstaff of Cagyis {spect, *Rage rF++
                  | Int+2 SInv}
 90539 | Zig:25   | Identified the +7 war axe of Rotation {holy, rC+}
 90541 | Zig:25   | Identified the +1 cloak "Usaad" {rPois Will+ Str+3}
 90546 | Zig:25   | Identified the +2 robe "Forphig" {rElec rPois Int+3
                  | Archmagi}
 90558 | Zig:25   | Identified the +6 rapier of Ymyklek {flame, Will+ rCorr
                  | Dex-2}
 90567 | Zig:26   | Entered Level 26 of a ziggurat
 90642 | Zig:26   | Noticed Aseyd the pandemonium lord
 90647 | Zig:26   | Killed Aseyd the pandemonium lord
 90731 | Zig:26   | Found the +5 Lochaber axe {reach-cleave, Poleaxe Drain}
 90734 | Zig:26   | Found the ring of the Hare {EV+10}
 90735 | Zig:26   | Found the +5 scythe "Finisher" {speed, execute}
 90748 | Zig:26   | Identified the staff of death "Oppoudax" {rN+ SInv}
 90756 | Zig:26   | Identified the ring of Attitude {rF+ Will- AC+4 Dex+4}
 90764 | Zig:26   | Identified the +1 giant spiked club "Luuna" {speed, Str+3}
 90773 | Zig:26   | Identified the +2 leather armour "Laapsier" {*Corrode rElec
                  | Int+4 Dex+2}
 90796 | Zig:27   | Entered Level 27 of a ziggurat
 90894 | Zig:27   | Found the +9 sword of Zonguldrok {reap}
 90902 | Zig:27   | Identified the staff of death "Tedylai" {rN+ Int+5 Dex+2}
 90907 | Zig:27   | Identified the +5 chain mail of Absolutism {rN+ rCorr
                  | Str-3}
 90912 | Zig:27   | Identified the +1 leather armour of the Hunter {*Slow
                  | +Blink +Inv rElec}
 90929 | Zig:27   | Identified the +7 dire flail of Victory {antimagic, Fragile
                  | rElec rPois rC+}
 90935 | Zig:27   | Identified the +10 great sword "Wetah" {heavy, Will++ Dex-3
                  | SInv}
 90939 | Zig:27   | Identified the staff of poison "Noussi" {rElec rPois Dex+4}
 90963 | Depths:3 | Learned a level 9 spell: Chain Lightning
 90995 | Pan      | Entered Pandemonium
 91257 | Pan      | Lost mutation: Your mind is acute. (Int +4, Str/Dex -1)
                  | [potion of mutation]
 91257 | Pan      | Lost mutation: You occasionally shout uncontrollably at
                  | your foes. [potion of mutation]
 91257 | Pan      | Lost mutation: Your magical capacity is very low. (-20% MP)
                  | [potion of mutation]
 91257 | Pan      | Gained mutation: You have a pair of small antennae on your
                  | head. [potion of mutation]
 91257 | Pan      | Gained mutation: You have large cloven feet. [potion of
                  | mutation]
 91267 | Pan      | Lost mutation: You have large cloven feet. [potion of
                  | mutation]
 91267 | Pan      | Lost mutation: You have a pair of small antennae on your
                  | head. [potion of mutation]
 91267 | Pan      | Lost mutation: Your magical capacity is low. (-10% MP)
                  | [potion of mutation]
 91267 | Pan      | Gained mutation: You are strong-willed. (Will+) [potion of
                  | mutation]
 91267 | Pan      | Gained mutation: You have large cloven feet. [potion of
                  | mutation]
 91267 | Pan      | Gained mutation: Your flesh is cold resistant. (rC+)
                  | [potion of mutation]
 91456 | Pan      | Identified the +7 glaive of Oenomania {flame, rN+ rCorr
                  | Str+2 Dex-4}
 91815 | Pan      | Got a demonic rune of Zot
 91844 | Pan      | Identified the +5 ring mail of the Abyss {*Corrode +Blink
                  | Str+2}
 91866 | Pan      | Noticed Etaag the pandemonium lord
 91869 | Pan      | Killed Etaag the pandemonium lord
 92418 | Pan      | Entered the realm of Lom Lobon.
 92553 | Pan      | Noticed Lom Lobon
 92570 | Pan      | Killed Lom Lobon
 92585 | Pan      | Got a magical rune of Zot
 92670 | Pan      | Reached skill level 27 in Spellcasting
 92731 | Pan      | Identified the +1 falchion of the Singing Oracle {venom,
                  | Dex+3}
 92796 | Pan      | Noticed Lawenale the pandemonium lord
 92799 | Pan      | Killed Lawenale the pandemonium lord
 92800 | Pan      | Reached skill level 27 in Dodging
 92861 | Pan      | Found an exit through the horrors of the Abyss.
 93032 | Pan      | Reached skill level 27 in Stealth
 93252 | Pan      | Noticed Raikk the pandemonium lord
 93255 | Pan      | Killed Raikk the pandemonium lord
 93273 | Pan      | Entered the realm of Mnoleg.
 93467 | Pan      | Noticed Mnoleg
 93472 | Pan      | Killed Mnoleg
 93580 | Pan      | Got a glowing rune of Zot
 93678 | Pan      | Noticed Linilyrph the pandemonium lord
 93680 | Pan      | Killed Linilyrph the pandemonium lord
 93715 | Pan      | Reached skill level 27 in Fighting
 93715 | Pan      | Reached skill level 27 in Long Blades
 93715 | Pan      | Reached skill level 27 in Axes
 93715 | Pan      | Reached skill level 27 in Maces & Flails
 93715 | Pan      | Reached skill level 27 in Polearms
 93715 | Pan      | Reached skill level 27 in Staves
 93715 | Pan      | Reached skill level 27 in Ranged Weapons
 93715 | Pan      | Reached skill level 27 in Throwing
 93715 | Pan      | Reached skill level 27 in Armour
 93715 | Pan      | Reached skill level 27 in Shields
 93715 | Pan      | Reached skill level 27 in Unarmed Combat
 93715 | Pan      | Reached skill level 27 in Evocations
 93830 | Pan      | Noticed Liyxun the pandemonium lord
 93833 | Pan      | Killed Liyxun the pandemonium lord
 94031 | Pan      | Entered the realm of Cerebov.
 94163 | Pan      | Identified the +0 leather armour of Nemelex Xobeh's Pride
                  | {rCorr Int-3 SInv Stlth+}
 94186 | Pan      | Identified the staff of fire "Gygriyr" {rPois rF+ rC+ SInv}
 94427 | Pan      | Found the +6 sword of Cerebov {flame}
 94427 | Pan      | Noticed Cerebov
 94438 | Pan      | Killed Cerebov
 94469 | Pan      | Identified the +0 scale mail "Enwug" {rElec rC- rCorr
                  | Str+2}
 94518 | Pan      | Got a fiery rune of Zot
 94543 | Pan      | Identified the amulet of Fragile Peace {RegenMP Harm rElec
                  | Int+5 Dex+2}
 94645 | Pan      | Entered the realm of Gloorx Vloq.
 94647 | Pan      | Noticed Gloorx Vloq
 94653 | Pan      | Killed Gloorx Vloq
 94664 | Pan      | Got a dark rune of Zot
 94745 | Pan      | Found an exit through the horrors of the Abyss.
 94814 | Pan      | Took an exit into the Abyss.
 94814 | Abyss:4  | Escaped into the Abyss
 94879 | Abyss:4  | Found a corrupted altar of Lugonu.
 94891 | Depths:3 | Escaped the Abyss
 94947 | Coc:1    | Entered Level 1 of Cocytus
 95078 | Coc:4    | Noticed an ancient lich
 95079 | Coc:4    | Killed an ancient lich
 95260 | Coc:7    | Entered Level 7 of Cocytus
 95568 | Coc:7    | Noticed Antaeus
 95574 | Coc:7    | Killed Antaeus
 95584 | Coc:7    | Got an icy rune of Zot
 95700 | Tar:1    | Entered Level 1 of Tartarus
 96446 | Tar:6    | Noticed an ancient lich
 96448 | Tar:6    | Killed an ancient lich
 96598 | Tar:7    | Entered Level 7 of Tartarus
 96616 | Tar:7    | Identified the amulet "Ynock" {Acrobat Int+5}
 96618 | Tar:7    | Identified the staff of poison "Ujaps" {rElec rPois rN+
                  | Str-5 Int+4}
 96803 | Tar:7    | Identified the amulet "Eblarch" {Reflect +Inv rN+ Will+++
                  | Dex-2 SH+5}
 96919 | Tar:7    | Found the +4 consecrated labrys {holy, Valiant Fragile Fly
                  | SInv}
 96923 | Tar:7    | Identified the ring of Xom's Amusement {rPois rF+ rN+
                  | Dex+2}
 96927 | Tar:7    | Identified the +7 scimitar "Killer Bee's Death" {flame,
                  | rC+}
 96994 | Tar:7    | Got a bone rune of Zot
 97003 | Tar:7    | Noticed Ereshkigal
 97012 | Tar:7    | Killed Ereshkigal
 97107 | Geh:1    | Entered Level 1 of Gehenna
 97811 | Geh:7    | Entered Level 7 of Gehenna
 98360 | Geh:7    | Got an obsidian rune of Zot
 98360 | Geh:7    | Found the +13 sceptre of Asmodeus
 98360 | Geh:7    | Noticed Asmodeus
 98364 | Geh:7    | Killed Asmodeus
 98365 | Geh:7    | Reached skill level 27 in Conjurations
 98449 | Dis:1    | Entered Level 1 of the Iron City of Dis
 98639 | Dis:3    | Killed an ancient lich
 98786 | Dis:4    | Noticed a dread lich
 98786 | Dis:4    | Noticed a dread lich
 98786 | Dis:4    | Noticed a dread lich
 98787 | Dis:4    | Killed a dread lich
 98787 | Dis:4    | Noticed an ancient lich
 98787 | Dis:4    | Noticed a dread lich
 98788 | Dis:4    | Killed a dread lich
 98788 | Dis:4    | Killed a dread lich
 98789 | Dis:4    | Killed an ancient lich
 98790 | Dis:4    | Killed a dread lich
 98904 | Dis:5    | Reached skill level 27 in Hexes
 98904 | Dis:5    | Reached skill level 27 in Summonings
 98904 | Dis:5    | Reached skill level 27 in Necromancy
 98904 | Dis:5    | Reached skill level 27 in Translocations
 98904 | Dis:5    | Reached skill level 27 in Transmutations
 98904 | Dis:5    | Reached skill level 27 in Fire Magic
 98904 | Dis:5    | Reached skill level 27 in Ice Magic
 98904 | Dis:5    | Reached skill level 27 in Air Magic
 98904 | Dis:5    | Reached skill level 27 in Earth Magic
 98904 | Dis:5    | Reached skill level 27 in Poison Magic
 99205 | Dis:7    | Entered Level 7 of the Iron City of Dis
 99681 | Dis:7    | Noticed Dispater
 99684 | Dis:7    | Killed Dispater
 99691 | Dis:7    | Got an iron rune of Zot
 99887 | Dis:7    | Identified the +5 lajatang "Fokiesij" {vamp, rCorr}
 99905 | Dis:7    | Identified the amulet "Ekuesa" {Faith rF+ Dex+2}
100347 | Dis:7    | Identified the +1 pair of boots of Pyrgheaca {Fly rPois rC-
                  | SInv}
100359 | Dis:7    | Identified the +10 rapier "Transmigrator" {heavy, rElec
                  | rC+}
100871 | Zot:4    | Noticed an ancient lich
100906 | Zot:4    | Found a transporter.
100911 | Zot:4    | Killed an ancient lich
100926 | Zot:4    | Noticed an orb of fire
100928 | Zot:4    | Killed an orb of fire
101026 | Zot:4    | Identified the +2 pair of gloves of Dithmenos's Reproof
                  | {rN+ Str+3 SInv}
101042 | Zot:4    | Identified the +6 leather armour of the Growing Gods {Str+3
                  | Int+4}
101055 | Zot:5    | Entered Level 5 of the Realm of Zot
101096 | Zot:5    | Noticed an ancient lich
101098 | Zot:5    | Killed an ancient lich
101098 | Zot:5    | Noticed an orb of fire
101099 | Zot:5    | Killed an ancient lich
101101 | Zot:5    | Killed an orb of fire
101107 | Zot:5    | Noticed an orb of fire
101108 | Zot:5    | Noticed an orb of fire
101111 | Zot:5    | Killed an orb of fire
101112 | Zot:5    | Killed an orb of fire
101113 | Zot:5    | Noticed an orb of fire
101116 | Zot:5    | Killed an orb of fire
101119 | Zot:5    | Noticed an orb of fire
101123 | Zot:5    | Killed an orb of fire
101135 | Zot:5    | Noticed an ancient lich
101141 | Zot:5    | Got the Orb of Zot
101557 | Vaults:3 | Noticed Vyovon the pandemonium lord
101560 | Vaults:3 | Killed Vyovon the pandemonium lord
101711 | Tomb:1   | Entered Level 1 of the Tomb of the Ancients
101774 | Tomb:1   | Noticed a royal mummy
101775 | Tomb:1   | Killed a royal mummy
101775 | Tomb:1   | Noticed a royal mummy
101776 | Tomb:1   | Noticed a royal mummy
101777 | Tomb:1   | Killed a royal mummy
101778 | Tomb:1   | Killed a royal mummy
101779 | Tomb:1   | Noticed a royal mummy
101780 | Tomb:1   | Noticed a royal mummy
101781 | Tomb:1   | Killed a royal mummy
101783 | Tomb:1   | Killed a royal mummy
101787 | Tomb:1   | Noticed a royal mummy
101788 | Tomb:1   | Killed a royal mummy
101789 | Tomb:1   | Noticed a royal mummy
101790 | Tomb:1   | Noticed a royal mummy
101798 | Tomb:1   | Killed a royal mummy
101799 | Tomb:1   | Killed a royal mummy
101800 | Tomb:1   | Noticed a royal mummy
101807 | Tomb:1   | Killed a royal mummy
101920 | Tomb:1   | Noticed Emint the pandemonium lord
101921 | Tomb:1   | Killed Emint the pandemonium lord
101977 | Tomb:1   | Noticed a seraph
101980 | Tomb:1   | Killed a seraph
101997 | Tomb:1   | Noticed Xotor the pandemonium lord
102000 | Tomb:1   | Noticed a royal mummy
102002 | Tomb:1   | Killed Xotor the pandemonium lord
102012 | Tomb:1   | Killed a royal mummy
102200 | Tomb:3   | Entered Level 3 of the Tomb of the Ancients
102211 | Tomb:3   | Noticed Gasoeten the pandemonium lord
102213 | Tomb:3   | Killed Gasoeten the pandemonium lord
102214 | Tomb:3   | Noticed a royal mummy
102217 | Tomb:3   | Killed a royal mummy
102247 | Tomb:3   | Killed a royal mummy
102265 | Tomb:3   | Noticed a royal mummy
102267 | Tomb:3   | Killed a royal mummy
102272 | Tomb:3   | Noticed a royal mummy
102274 | Tomb:3   | Noticed a royal mummy
102275 | Tomb:3   | Killed a royal mummy
102276 | Tomb:3   | Killed a royal mummy
102280 | Tomb:3   | Noticed a royal mummy
102282 | Tomb:3   | Killed a royal mummy
102282 | Tomb:3   | Noticed a royal mummy
102284 | Tomb:3   | Killed a royal mummy
102287 | Tomb:3   | Killed a royal mummy
102296 | Tomb:3   | Noticed a royal mummy
102298 | Tomb:3   | Killed a royal mummy
102330 | Tomb:3   | Got a golden rune of Zot
102371 | Tomb:1   | Noticed a royal mummy
102372 | Tomb:1   | Killed a royal mummy
102869 | D:$      | Escaped with the Orb!

Illustrated notes

Levels and vault maps discovered:
D:1:      lightli_molten_gateway, layout_loops_ring
D:2:      layout_basic, basic_altar
D:3:      layout_basic, minmay_goblin_outpost, uniq_natasha
D:4:      layout_layer_cave, nicolae_overflow_crystal_walls, serial_rivers,
          chequers_serial_rivers_micro_e, chequers_serial_rivers_large_a,
          chequers_serial_rivers_room_b, chequers_serial_rivers_marsh,
          minmay_a_box_with_orc_wizards_in_it
D:5:      layout_basic, gammafunk_ghost_cemetery, uniq_blork_the_orc
D:6:      layout_basic, mainiacjoe_overflow_alcove_1, uniq_pikel, uniq_edmund
D:7:      layout_cave_pods, mainiacjoe_overflow_six_doors_small,
          kiku_gazebo_pond_becter, minmay_temple_entry_sparse_star
D:8:      layout_cave_pools, enter_bailey_5, serial_shops, shop, uniq_joseph
D:9:      layout_irregular_city, lemuel_crystal_altar, uniq_prince_ribbit1
D:10:     layout_cave_pods, orc_0_dummy, serial_shops,
          nicolae_shop_advertising_works [nicolae_subvault_shop_adworks],
          worms_lemuel
D:11:     layout_stronghold, erik_lair_island
D:12:     layout_basic, nicolae_transporter_circle
D:13:     layout_cross, hangedman_vaults_entry_quadrant_bands
D:14:     lemuel_ice_statue, layout_basic, kennysheep_doodads,
          minmay_lindwurm_lava
D:15:     grunt_enter_depths_snipers, layout_loops_ring, grunt_decor_resistance
Temple:   minmay_temple_bridge_d
Lair:1:   layout_cave_pods, basic_altar, st_stairs_4,
          nicolae_quartered_pool_medium
Lair:2:   layout_long_grid, minmay_shoals_entry_beasts, serial_bayou_shore_b,
          infiniplex_staircase_pool_2
Lair:3:   layout_chaotic_city, spider_nest_entry_rubble,
          chequers_serial_rivers_micro_e, beast_lair_carwin_8
Lair:4:   layout_cave_pods, chequers_serial_rivers_micro_c,
          chequers_serial_rivers_room_a, lemuel_fruit_fields, lemuel_fruit_tree,
          infiniplex_staircase_pool, serial_bayou_shore_b
Lair:5:   hellmonk_lair_end_abyssal_woods, layout_gridlike, slime_entry_1,
          grunt_megastairs_2
Shoals:1: layout_shoals, centaur_isle, uniq_aizul, uniq_mlioglotl
Shoals:2: layout_shoals, uniq_polyphemus
Shoals:3: layout_shoals, uniq_ilsuiw, uniq_nikola
Shoals:4: shoals_end_simple, layout_shoals,
          nicolae_shoals_lost_giant_amphitheater
Spider:1: layout_spider_delve, uniq_rupert
Spider:2: layout_spider_delve
Spider:3: layout_cave_pods, portal_ice_cave_entry_pillars_three, uniq_agnes
Spider:4: hellmonk_spider_rune_endless_swarm, uniq_arachne
Slime:1:  layout_caves, cheibrodos_slime_lost_civilization_4
Slime:2:  layout_caves
Slime:3:  layout_caves, nicolae_slime_rock_hall_of_fame, uniq_dissolution
Slime:4:  layout_caves
Slime:5
Orc:1:    layout_caves, mines3_lemuel
Orc:2:    st_orc_mages, layout_caves, uniq_sonja, uniq_jorgrun, uniq_josephine
Elf:1:    nicolae_elf_arrival_dilemma, layout_rooms, serial_shops, shop,
          minmay_elf_sorcery, drop_trap, eino_tiny_chamber, uniq_azrael,
          uniq_kirke
Elf:2:    elven_hall_of_blades_hangedman_original [nicolae_blade_bullseye],
          layout_loops_cross, serial_shops, shop, nicolae_shop_dealshenge,
          nicolae_take_the_stairs
Elf:3:    minmay_elf_hall_quartered_circle, layout_gridlike, serial_shops,
          nicolae_shop_window_shopping, uniq_louise
Vaults:1: lightli_enter_wizlab_magi_temple, ontoclasm_vaults_fault,
          grunt_vaults_bifocal, v_rooms_4, v_pattern_5,
          nicolae_vaults_closet_pinwheel_2, nicolae_vaults_sesquioval_fish,
          nicolae_vaults_double_plus_2, ontoclasm_vaults_chip, v_alt_pattern_1,
          nicolae_vaults_surprise_closet, nicolae_vaults_trapezoid_lopsided_1,
          vaults_room_semicircle, layout_vaults_chaotic_city, serial_shops,
          shop_statue, shop_statue, shop, nicolae_lakefront_shop, uniq_asterion
Vaults:2: nicolae_vaults_alarming, nicolae_vaults_network_square,
          dpeg_vaults_pockets_of_resistance,
          vaults_standard_mumra_enter_the_diamond, vaults_dpeg_diagonal,
          grunt_vaults_twisty, ontoclasm_vaults_gateway, v_misc_10,
          nicolae_vaults_offset_grid_hallway_1, layout_vaults_maze_bifur,
          uniq_margery
Vaults:3: gammafunk_ghost_spectres, minmay_crypt_entry_necro_gods,
          nicolae_vaults_bisected_exclaves, vaults_mumra_lcd,
          nicolae_vaults_ring_of_whatevers, nicolae_vaults_steering_wheel,
          nicolae_vaults_tetromino_T_2, nicolae_vaults_trapezoid_2,
          nicolae_vaults_more_shelving_2, grunt_vaults_diagonal,
          vaults_room_pools, nicolae_vaults_closet_pinwheel_1,
          layout_vaults_ring, serial_hangedman_research,
          hangedman_research_toxicology, serial_shops, shop, uniq_bai_suzhen
Vaults:4: nicolae_vaults_more_shelving_1, v_misc_5, hangedman_vaults_slice,
          hangedman_vaults_trim, nicolae_vaults_shipping_containers_5,
          nicolae_vaults_shelves_hall, nicolae_vaults_little_squares_3,
          ontoclasm_vaults_claustrophobia, layout_vaults_omnicross
Vaults:5: uniq_saint_roka
Crypt:1:  layout_misc_corridors, minmay_guarded_unrand_curses,
          grunt_crypt_arrival_webbed
Crypt:2:  layout_misc_corridors, nicolae_crypt_cryptocurrency
Crypt:3:  church_of_pain_bobbens, layout_chaotic_city, tomb_entry_sphere_bobbens
Tomb:1
Tomb:2
Tomb:3
Depths:1: layout_roguey, minmay_misc_feat_square, hellmouth_1,
          corexii_hall_statues_t, nicolae_qazlal_style_of_elements,
          minmay_shoptagon, grunt_megastairs_5
Depths:2: cheibrodos_witchhunters_guild, layout_basic, serial_curves,
          eino_curves_04, eino_curves_03, serial_shops, shop_fountains,
          hell_entry, rand_demon_pan_entry_5, kennysheep_cross_room,
          infiniplex_staircase_zigzag_5, uniq_vv, uniq_sojobo
Depths:3: minmay_fractal_lines_corner, layout_cave_pools, enter_ziggurat_f,
          grunt_hell_horde, abyss_entry, minmay_misc_feat_four_crosses,
          rand_demon_pan_entry_8, st_stairs_1, nrook_mini_vaults
Depths:4: evilmike_zot_entry_basic, layout_honeycomb, minmay_fountain_box,
          hellmouth_3, pan_entry, abyss_entry, nemelex_spade_bored_becter
Hell
Dis:1:    layout_gridville
Dis:2:    layout_jigsaw
Dis:3:    layout_subdivisions, nicolae_dis_spooky_hallway
Dis:4:    layout_gridville, nicolae_dis_liches_on_tour
Dis:5:    layout_gridville
Dis:6:    layout_gridville, nicolae_dis_big_boring_drill
Dis:7:    iron_city_of_dis [dis_grunt, dis_wall_6], layout_gridville
Geh:1:    layout_gehenna_lava_caves
Geh:2:    layout_gehenna_pools_basic
Geh:3:    layout_gehenna_pools_basic, hangedman_hellfire_club
Geh:4:    layout_gehenna_pools_triple
Geh:5:    layout_gehenna_lava_caves
Geh:6:    layout_gehenna_pools_box
Geh:7:    evilmike_geh
Coc:1:    layout_cocytus_water_paths
Coc:2:    layout_cocytus_delve
Coc:3:    layout_cocytus_delve
Coc:4:    layout_ice_bergs
Coc:5:    layout_ice_bergs
Coc:6:    layout_cocytus_water_paths
Coc:7:    coc_old
Tar:1:    layout_catacombs
Tar:2:    layout_catacombs, nicolae_tar_spectre_spectrum
Tar:3:    layout_cathedral_of_symmetry, nicolae_tar_honey_chapel
Tar:4:    layout_catacombs, nicolae_tar_windowcombs
Tar:5:    layout_honeycomb
Tar:6:    layout_honeycomb
Tar:7:    tar_old
Zot:1:    layout_misc_corridors
Zot:2:    layout_gridlike, zot_minivault_5
Zot:3:    layout_basic, grunt_ministairs_8, evilmike_ambush
          [evilmike_ambush_outer_basic, evilmike_ambush_inner_wall_2]
Zot:4:    gammafunk_the_bubble [the_bubble_gammafunk_plus_minus], layout_onion,
          gammafunk_ghost_tricky_traps, st_small_dragon_hoard_4,
          skrybe_zot_glass_3, grunt_megastairs_3
Zot:5:    layout_gridlike

Skill      XL: |  1  2  3  4  5  6  7  8  9 10 11 12 13 14 15 16 17 18 19 20 21 22 23 24 25 26 27 |
---------------+----------------------------------------------------------------------------------+-----
Spellcasting   | 5 6 7 8 9 10 11 12 13 14 15 16 17 18 27 | 27.0
Invocations    | 1 2 3 4 5 6 7 8 10 11 12 13 14 15 16 17 18 19 27 | 27.0
Fighting       | 1 2 3 5 6 7 8 9 10 11 12 13 14 15 16 17 18 27 | 27.0
Short Blades   | 1 2 3 5 6 7 8 9 10 11 12 13 14 15 16 17 18 27 | 27.0
Long Blades    | 1 2 3 5 6 7 8 9 10 11 12 13 14 15 16 17 18 27 | 27.0
Axes           | 1 2 3 5 6 7 8 9 10 11 12 13 14 15 16 17 18 27 | 27.0
Maces & Flails | 1 2 3 5 6 7 8 9 10 11 12 13 14 15 16 17 18 27 | 27.0
Polearms       | 1 2 3 5 6 7 8 9 10 11 12 13 14 15 16 17 18 27 | 27.0
Staves         | 1 2 3 5 6 7 8 9 10 11 12 13 14 15 16 17 18 27 | 27.0
Ranged Weapons | 1 2 3 5 6 7 8 9 10 11 12 13 14 15 16 17 18 27 | 27.0
Throwing       | 1 2 3 5 6 7 8 9 10 11 12 13 14 15 16 17 18 27 | 27.0
Armour         | 1 2 3 5 6 7 8 9 10 11 12 13 14 15 16 17 18 27 | 27.0
Shields        | 1 2 3 5 6 7 8 9 10 11 12 13 14 15 16 17 18 27 | 27.0
Unarmed Combat | 1 2 3 5 6 7 8 9 10 11 12 13 14 15 16 17 18 27 | 27.0
Evocations     | 1 2 3 5 6 7 8 9 10 11 12 13 14 15 16 17 18 27 | 27.0
Hexes          | 1 2 3 4 5 6 7 8 9 10 11 12 13 14 15 27 | 27.0
Summonings     | 1 2 3 4 5 6 7 8 9 10 11 12 13 14 15 27 | 27.0
Necromancy     | 1 2 3 4 5 6 7 8 9 10 11 12 13 14 15 27 | 27.0
Translocations | 1 2 3 4 5 6 7 8 9 10 11 12 13 14 15 27 | 27.0
Transmutations | 1 2 3 4 5 6 7 8 9 10 11 12 13 14 15 27 | 27.0
Fire Magic     | 1 2 3 4 5 6 7 8 9 10 11 12 13 14 15 27 | 27.0
Ice Magic      | 1 2 3 4 5 6 7 8 9 10 11 12 13 14 15 27 | 27.0
Air Magic      | 1 2 3 4 5 6 7 8 9 10 11 12 13 14 15 27 | 27.0
Earth Magic    | 1 2 3 4 5 6 7 8 9 10 11 12 13 14 15 27 | 27.0
Poison Magic   | 1 2 3 4 5 6 7 8 9 10 11 12 13 14 15 27 | 27.0
Dodging        | 5 6 7 8 9 10 11 12 13 14 15 16 17 18 27 | 27.0
Stealth        | 5 6 7 8 9 10 11 12 13 14 15 16 17 18 27 | 27.0
Conjurations   | 8 9 10 11 12 13 14 15 16 27 | 27.0

Action                     |  1- 3 |  4- 6 |  7- 9 | 10-12 | 13-15 | 16-18 | 19-21 | 22-24 | 25-27 || total
---------------------------+-------+-------+-------+-------+-------+-------+-------+-------+-------++-------
  Melee: Dagger            |       |       |     4 |     4 |       |       |       |       |       ||     8
         Bite              |       |       |     1 |     5 |     8 |    20 |     3 |    23 |   497 ||   557
         Scimitar          |       |       |       |    60 |    52 |     8 |       |       |       ||   120
         Punch             |       |       |       |     2 |     1 |     1 |       |       |       ||     4
         Falchion          |       |       |       |       |       |   132 |    14 |       |       ||   146
         Demon trident     |       |       |       |       |       |    30 |       |       |       ||    30
         Double sword      |       |       |       |       |       |       |     4 |   105 |  1963 ||  2072
         Staff             |       |       |       |       |       |       |       |       |   176 ||   176
  Throw: Javelin           |       |       |       |       |       |       |       |       |     2 ||     2
   Cast: Magic Dart        |    37 |    36 |    65 |    93 |    73 |    11 |       |       |       ||   315
         Searing Ray       |    22 |    21 |    43 |    25 |    13 |     1 |       |       |       ||   125
         Poisonous Vapours |       |       |    15 |    22 |    17 |   205 |    71 |    15 |    20 ||   365
         Fulminant Prism   |       |       |    27 |   100 |    92 |   120 |    57 |    45 |    98 ||   539
         Iskenderun's Myst |       |       |       |    20 |    61 |    94 |    39 |    52 |    48 ||   314
         Freezing Cloud    |       |       |       |    68 |   194 |   214 |   149 |   214 |   336 ||  1175
         Apportation       |       |       |       |    13 |    62 |    52 |    19 |    29 |    40 ||   215
         Irradiate         |       |       |       |       |    10 |    62 |    26 |    41 |   127 ||   266
         Blink             |       |       |       |       |     3 |       |       |     1 |     6 ||    10
         Orb of Destructio |       |       |       |       |     2 |    48 |    28 |    63 |    32 ||   173
         Iron Shot         |       |       |       |       |       |    66 |    60 |   181 |   239 ||   546
         Statue Form       |       |       |       |       |       |     2 |     2 |       |    28 ||    32
         Borgnjor's Vile C |       |       |       |       |       |       |   113 |   160 |   385 ||   658
         Maxwell's Capacit |       |       |       |       |       |       |       |     1 |     6 ||     7
         Fire Storm        |       |       |       |       |       |       |       |       |   627 ||   627
         Spellforged Servi |       |       |       |       |       |       |       |       |   419 ||   419
         Shatter           |       |       |       |       |       |       |       |       |   411 ||   411
         Lehudib's Crystal |       |       |       |       |       |       |       |       |   331 ||   331
         Chain Lightning   |       |       |       |       |       |       |       |       |   153 ||   153
         Necromutation     |       |       |       |       |       |       |       |       |   147 ||   147
         Dispersal         |       |       |       |       |       |       |       |       |     1 ||     1
Ability: End Transformatio |       |       |       |       |       |     1 |     1 |       |    23 ||    25
  Evoke: Wand              |       |       |       |     4 |       |    18 |     2 |     2 |     8 ||    34
         Phial of floods   |       |       |       |       |       |     2 |       |       |       ||     2
         Condenser vane    |       |       |       |       |       |       |       |       |     5 ||     5
         Box of beasts     |       |       |       |       |       |       |       |       |     2 ||     2
         Horn of Geryon    |       |       |       |       |       |       |       |       |     1 ||     1
         Phantom mirror    |       |       |       |       |       |       |       |       |     1 ||     1
    Use: Potion            |       |     1 |       |     1 |       |    10 |     1 |       |    71 ||    84
         Scroll            |       |       |     1 |     9 |     8 |    14 |     1 |     9 |    29 ||    71
   Stab: Sleeping          |       |       |       |     1 |       |       |       |       |    10 ||    11
         Distracted        |       |       |       |       |       |       |       |     4 |    70 ||    74
 Armour: Robe              |     3 |       |       |     7 |     9 |    35 |    10 |     9 |       ||    73
         Leather armour    |       |       |     3 |     7 |       |       |       |       |       ||    10
         Skin              |       |       |       |       |       |     1 |     4 |       |    72 ||    77
         Quicksilver drago |       |       |       |       |       |       |       |    11 |   548 ||   559
  Dodge: Dodged            |     8 |     8 |    32 |   102 |    84 |   202 |   110 |    98 |  1322 ||  1966
  Block: Kite shield       |       |       |       |       |    31 |   175 |    89 |   113 |  2170 ||  2578
